 Dungeon Crawl Stone Soup version 0.30.1-9-gdf580d7c3d (webtiles) character file.

Game seed: 10605327435620841702

28444250 middlethird the Archmage (level 27, 245/245 (249) HPs)
             Began as a Formicid Necromancer on Oct 15, 2023.
             Was the Champion of Cheibriados.
             Escaped with the Orb
             ... and 15 runes on Oct 17, 2023!
             The game lasted 12:34:57 (52193 turns).

middlethird the Archmage (Formicid Necromancer)    Turns: 52193, Time: 12:34:57

HP:   245/245 (249) AC: 51    Str: 30      XL:     27
MP:   54/54         EV: 43    Int: 42 (43) God:    Cheibriados [******]
Gold: 9918          SH: 22    Dex: 41 (43) Spells: 5/80 levels left

rFire   + + +        a - +9 triple sword (flame)
rCold   + + +        F - +2 shield of Resistance {rF++ rC++ Will++}
rNeg    + + +        n - +10 pearl dragon scales
rPois   ∞            (helmet unavailable)
rElec   +            q - +1 cloak of Starlight {*Dazzle EV+4 Stlth--}
rCorr   +            U - +2 pair of gloves {Dex+3}
SInv    +            Y - +1 pair of boots of Zimaung {rC+ rN+ Int+4}
Will    +++++        u - amulet "Fafionot" {Acrobat Fragile Will+ Regen+}
Stlth   +            y - ring of Teihe {Drain rElec rPois rCorr Dex+3}
HPRegen 1.40/turn    t - ring of Zoilew {rPois rF++ AC+4 Int+3 Dex+2 SInv}
MPRegen 0.34/turn

%: acrobat
@: lich-form, studying Earth Magic, lightly drained, very slow
A: draining attack, torment immunity, no potions, permanent stasis, dig shafts
and tunnels, antennae 3, four strong arms, sense surroundings 1, poison
resistance, MP-powered wands, sturdy frame 1
0: Orb of Zot
}: 15/15 runes: decaying, serpentine, slimy, silver, golden, iron, obsidian,
icy, bone, abyssal, demonic, glowing, magical, fiery, dark
a: Dig, Shaft Self, End Transformation, Renounce Religion, Bend Time, Temporal
Distortion, Slouch, Step From Time


You escaped.
You worshipped Cheibriados.
Cheibriados was exalted by your worship.
You were an undead lich.
You visited 18 branches of the dungeon, and saw 84 of its levels.
You visited Pandemonium 2 times, and saw 13 of its levels.
You visited the Abyss 1 time.
You also visited: Trove, Bailey, Gauntlet, Ice Cave and Volcano.

You collected 15812 gold pieces.
You spent 5894 gold pieces at shops.

Inventory:

Hand Weapons
 a - a +9 triple sword of flaming (weapon)
 c - the +8 great sword "Fomp" {spect, rF+ Str+3 Int+2}
   (You found it on level 2 of the Depths)

   Str:       It affects your strength (+3).
   Int:       It affects your intelligence (+2).
   rF:        It protects you from fire.
 d - a +9 eudemon blade of holy wrath
 e - the +6 sword of Cerebov {flame}
   (You took it off Cerebov in Pandemonium)
 f - a +8 triple sword of electrocution
Missiles
 o - 13 silver javelins
 E - 17 curare-tipped darts (quivered)
Armour
 h - the +0 pair of boots "Daopulynae" {*Slow rElec Slay+6}
   (You found it in a Gauntlet)

   Slay:      It affects your accuracy & damage with ranged weapons and melee
   (+6).
   rElec:     It insulates you from electricity.
   *Slow:     It may slow you when you take damage.
 n - +10 pearl dragon scales (worn)
 q - the +1 cloak of Starlight (worn) {*Dazzle EV+4 Stlth--}
   (You found it on level 7 of the Iron City of Dis)

   *Dazzle:   It may blind those who miss an attack against the wearer in melee
   combat.
   EV:        It affects your evasion (+4).
   Stlth:     It makes you much less stealthy.
 D - a scarf of resistance
 F - the +2 shield of Resistance (worn) {rF++ rC++ Will++}
   (You bought it in a shop on level 1 of the Dungeon)

   rF:        It greatly protects you from fire.
   rC:        It greatly protects you from cold.
   Will:      It greatly increases your willpower.
 G - a +2 cloak of stealth
 K - +8 gold dragon scales
 P - a +2 tower shield of reflection
 U - a +2 pair of gloves of dexterity (worn)
 W - the +14 chain mail of the Old and Reckless {rCorr}
   (You took it off an orc knight on level 5 of the Vaults)

   rCorr:     It protects you from acid and corrosion.
 Y - the +1 pair of boots of Zimaung (worn) {rC+ rN+ Int+4}
   (You found it on level 5 of the Vaults)

   Int:       It affects your intelligence (+4).
   rC:        It protects you from cold.
   rN:        It protects you from negative energy.
Magical Staves
 b - the staff of death "Kiulac" {rPois rN+ Int+6}
   (You found it in a treasure trove)

   [staff of death]

   Base accuracy: +5 Base damage: 5 Base attack delay: 1.2 This weapon's minimum
   attack delay (0.6) is reached at skill level 12.
   Int:       It affects your intelligence (+6).
   rPois:     It protects you from poison.
   rN:        It protects you from negative energy.
   It falls into the 'Staves' category.
   It is a weapon for one hand-pair.
Jewellery
 r - an amulet of regeneration
 t - the ring of Zoilew (right hand) {rPois rF++ AC+4 Int+3 Dex+2 SInv}
   (You found it on level 3 of the Tomb of the Ancients)

   [ring of protection]

   AC:        It affects your AC (+4).
   Int:       It affects your intelligence (+3).
   Dex:       It affects your dexterity (+2).
   rF:        It greatly protects you from fire.
   rPois:     It protects you from poison.
   SInv:      It lets you see invisible.
 u - the amulet "Fafionot" (around neck) {Acrobat Fragile Will+ Regen+}
   (You took it off a deep elf sorcerer on level 3 of the Elven Halls)

   [amulet of the acrobat]

   It increases your evasion while moving and waiting.
   Regen:     It increases your rate of health regeneration.
   Fragile:   It will be destroyed if unequipped.
   Will:      It increases your willpower.
 w - the ring of Umat {rN+ Str+3}
   (You found it on level 3 of the Crypt)

   [ring of positive energy]

   Str:       It affects your strength (+3).
   rN:        It protects you from negative energy.
 x - an amulet of magic regeneration
 y - the ring of Teihe (left hand) {Drain rElec rPois rCorr Dex+3}
   (You found it on level 1 of the Depths)

   [ring of poison resistance]

   Dex:       It affects your dexterity (+3).
   rElec:     It insulates you from electricity.
   rPois:     It protects you from poison.
   rCorr:     It protects you from acid and corrosion.
   Drain:     It drains your maximum health when unequipped.
 H - the ring of Xoik {Fly rCorr MP+9 Str-2 Int+4}
   (You found it in Pandemonium)

   [ring of magical power]

   Str:       It affects your strength (-2).
   Int:       It affects your intelligence (+4).
   MP:        It affects your magic capacity (+9).
   Fly:       It grants you flight.
   rCorr:     It protects you from acid and corrosion.
 O - a +4 ring of slaying
 Q - the amulet of the Four Winds {rN+ Will+++ Clar}
   (You bought it in a shop on level 4 of the Vaults)

   [amulet of nothing]

   rN:        It protects you from negative energy.
   Clar:      It protects you from confusion, rage, mesmerisation and fear.
   Will:      It greatly increases your willpower.
 V - the ring "Xakuijya" {Wiz Dex+2 Stlth+}
   (You bought it in a shop in Pandemonium)

   [ring of wizardry]

   It improves your spell success rate.
   Dex:       It affects your dexterity (+2).
   Stlth:     It makes you more stealthy.
Wands
 C - a wand of acid (52)
 L - a wand of digging (53)
 N - a wand of roots (81)
Scrolls
 j - 10 scrolls of silence
 k - 14 scrolls of poison
 l - 7 scrolls of immolation
 z - 11 scrolls of fog
 B - 4 scrolls of torment
 M - 12 scrolls of amnesia
 T - 4 scrolls of summoning
Potions
 g - 11 potions of lignification
 i - 10 potions of mutation
 m - 39 potions of curing
 p - 5 potions of ambrosia
 s - 8 potions of magic
 v - 6 potions of heal wounds
 A - 12 potions of attraction
 I - 6 potions of invisibility
 J - 5 potions of brilliance
 R - 3 potions of might
 S - 11 potions of cancellation
Miscellaneous
 Z - a phantom mirror


   Skills:
 O Level 27 Fighting
 - Level 24.0 Long Blades
 - Level 24.0 Armour
 + Level 19.3 Dodging
 - Level 3.0 Stealth
 - Level 18.0 Shields
 O Level 27 Spellcasting
 - Level 20.0 Necromancy
 - Level 4.0 Translocations
 - Level 14.0 Transmutations
 - Level 18.0 Fire Magic
 - Level 4.0 Ice Magic
 - Level 8.0 Earth Magic
 - Level 20.0 Invocations


You had 5 spell levels left.
You knew the following spells:

 Your Spells              Type           Power      Damage    Failure   Level
a - Apportation           Tloc           100%       N/A       1%          1
b - Lesser Beckoning      Tloc           100%       N/A       1%          2
c - Ignition              Fire           59%        3d16      1%          8
d - Vampiric Draining     Necr           100%       2d13      0%          3
e - Animate Dead          Necr           100%       N/A       0%          4
f - Dispel Undead         Necr           100%       3d31      0%          4
g - Agony                 Necr           100%       N/A       0%          5
h - Death Channel         Necr           73%        N/A       1%          6
i - Infestation           Necr           73%        N/A       1%          8
j - Necromutation         Tmut/Necr      70%        N/A       2%          8
k - Simulacrum            Ice/Necr       62%        N/A       1%          6
l - Borgnjor's Vile Clut  Necr/Erth      65%        N/A       1%          5
m - Frozen Ramparts       Ice            100%       1d16      1%          3
n - Ozocubu's Armour      Ice            74%        N/A       1%          3
o - Death's Door          Necr           73%        N/A       12%         9

Your spell library contained the following spells:

 Spells                   Type           Power      Damage    Failure   Level
 Foxfire                  Conj/Fire      100%       2x1d9     0%          1
 Kiss of Death            Conj/Necr      100%       2d13      0%          1
 Necrotise                Necr           100%       1d9       0%          1
 Sandblast                Erth           100%       2d20      0%          1
 Passwall                 Tmut/Erth      82%        N/A       0%          2
 Sublimation of Blood     Necr           100%       N/A       0%          2
 Wereblood                Tmut           100%       N/A       0%          2
 Volatile Blastmotes      Fire/Tloc      100%       2d18      0%          3
 Freeze                   Ice            100%       1d10      1%          1
 Magic Dart               Conj           100%       1d8       1%          1
 Slow                     Hex            100%       N/A       1%          1
 Sting                    Tmut/Pois      100%       1d8       1%          1
 Call Imp                 Summ           100%       N/A       1%          2
 Cigotuvi's Dreadful Rot  Necr/Pois/Air  100%       N/A       1%          2
 Ensorcelled Hibernation  Hex/Ice        100%       N/A       1%          2
 Momentum Strike          Conj/Tloc      100%       3d10      1%          2
 Poisonous Vapours        Pois/Air       100%       N/A       1%          2
 Static Discharge         Conj/Air       100%       2-7/arc   1%          2
 Call Canine Familiar     Summ           54%        N/A       1%          3
 Confusing Touch          Hex            54%        N/A       1%          3
 Dazzling Flash           Conj/Hex       100%       N/A       1%          3
 Hailstorm                Conj/Ice       65%        3d14      1%          3
 Ignite Poison            Fire/Tmut/Pois 98%        N/A       1%          3
 Inner Flame              Hex/Fire       93%        N/A       1%          3
 Mephitic Cloud           Conj/Pois/Air  54%        N/A       1%          3
 Portal Projectile        Hex/Tloc       100%       N/A       1%          3
 Spider Form              Tmut/Pois      86%        N/A       1%          3
 Stone Arrow              Conj/Erth      100%       3d13      1%          3
 Summon Guardian Golem    Hex/Summ       54%        N/A       1%          3
 Tukima's Dance           Hex            54%        N/A       1%          3
 Anguish                  Hex/Necr       59%        N/A       1%          4
 Animate Armour           Summ/Erth      100%       N/A       1%          4
 Ice Form                 Ice/Tmut       93%        N/A       1%          4
 Iskenderun's Mystic Bla  Conj/Tloc      65%        2d13      1%          4
 Leda's Liquefaction      Hex/Erth       37%        N/A       1%          4
 Passage of Golubria      Tloc           74%        N/A       1%          4
 Petrify                  Tmut/Erth      99%        N/A       1%          4
 Sticky Flame             Conj/Fire      93%        2d10      1%          4
 Alistair's Intoxication  Tmut/Pois      57%        N/A       1%          5
 Blade Hands              Tmut           54%        N/A       1%          5
 Fireball                 Conj/Fire      46%        3d18      1%          5
 Irradiate                Conj/Tmut      43%        3d26      1%          5
 Lee's Rapid Deconstruct  Erth           44%        3d21*     1%          5
 Airstrike                Air            27%        2d(4-20)  4%          4
 Cause Fear               Hex            27%        N/A       4%          4
 Summon Lightning Spire   Summ/Air       54%        N/A       4%          4
 Metabolic Englaciation   Hex/Ice        32%        N/A       5%          5
 Summon Forest            Summ/Tloc      32%        N/A       5%          5
 Freezing Cloud           Conj/Ice/Air   30%        6-21      8%          5
 Arcjolt                  Conj/Air       27%        1d37      12%         5
 Iskenderun's Battlesphe  Conj           54%        2d10      12%         5
 Silence                  Hex/Air        27%        N/A       12%         5
 Plasma Beam              Fire/Air       46%        2x1d66    1%          6
 Starburst                Conj/Fire      46%        6d13      1%          6
 Statue Form              Tmut/Erth      66%        N/A       1%          6
 Dragon Form              Tmut           54%        N/A       1%          7
 Borgnjor's Revivificati  Necr           73%        N/A       1%          8
 Eringya's Noxious Bog    Tmut/Pois      43%        N/A       3%          6
 Haunt                    Necr/Summ      59%        N/A       6%          7
 Iron Shot                Conj/Erth      37%        9d7       13%         6
 Storm Form               Tmut/Air       43%        N/A       22%         7
 Ozocubu's Refrigeration  Ice            37%        4d15      58%         7
 Malign Gateway           Summ/Tloc      32%        N/A       86%         7
 Enfeeble                 Hex            27%        N/A       98%         7
 Orb of Destruction       Conj           27%        9d9       98%         7
 Spellforged Servitor     Conj/Summ      27%        N/A       98%         7
 Summon Hydra             Summ           27%        N/A       98%         7
 Lehudib's Crystal Spear  Conj/Erth      37%        10d9      99%         8
 Maxwell's Capacitive Co  Air            27%        ∞         100%        8
 Chain Lightning          Conj/Air       27%        3d36      100%        9
 Dragon's Call            Summ           27%        N/A       100%        9
 Fire Storm               Conj/Fire      46%        8d12      100%        9
 Polar Vortex             Ice            37%        N/A       100%        9
 Blink                    Tloc           Unusable   N/A       N/A         2
 Vhi's Electric Charge    Tloc/Air       Unusable   N/A       N/A         3

Dungeon Overview and Level Annotations

Branches:
Dungeon (15/15)            Temple (1/1) D:4            Lair (5/5) D:8
  Swamp (4/4) Lair:2        Snake (4/4) Lair:2        Slime (5/5) Lair:5
    Orc (2/2) D:12            Elf (3/3) Orc:2        Vaults (5/5) D:14
  Crypt (3/3) Vaults:3       Tomb (3/3) Crypt:3      Depths (4/4) D:15
   Hell (visited)             Dis (7/7) Hell            Geh (7/7) Hell
    Coc (7/7) Hell            Tar (7/7) Hell            Zot (5/5) Depths:4
 Bailey (visited)           IceCv (visited)         Volcano (visited)
Gauntlet (visited)

Altars:
Ashenzari
Cheibriados
Dithmenos
Elyvilon
Fedhas
Gozag
Hepliaklqana
Kikubaaqudgha
Makhleb
Nemelex Xobeh
Okawaru
Qazlal
Ru
Sif Muna
Trog
Uskayaw
Vehumet
Wu Jian
Xom
Yredelemnul
Zin
The Shining One
Jiyva

Shops:
D:1 ([([:   D:5 :   D:6 (   Orc:2 [:*:=   Snake:1 :   Vaults:3 :   Vaults:4 =

Portals:
Hell: Depths:1 Depths:2 Depths:3 Depths:4
Abyss: Depths:2 Depths:3 Depths:4
Pandemonium: Depths:1 Depths:2
Ziggurat: Depths:3

Annotations:
Tar:2 12 runed doors


Innate Abilities, Weirdness & Mutations

You are an undead lich.
Your unarmed attacks are suffused with negative energy.
You are immune to unholy pain and torment.
Your necromantic spells are more powerful.
You cannot drink.
You cannot be hasted, slowed, berserked, paralysed or teleported.
You can dig through walls and to a lower floor.
You have a pair of large antennae on your head. (SInv)
Your four strong arms can wield two-handed weapons with a shield.
You passively map a small area around you.
Your system is resistant to poisons. (rPois)
You expend magic power (3 MP) to strengthen your wands.
Your movements are slightly less encumbered by armour. (ER -2)


Message History

Confirm with . or Enter, or press ? or * to list all spells.
Aiming: Lesser Beckoning (safe; 1% risk of failure)
Press: ? - help, Shift-Dir - straight line, f - cherub
Aim: a cherub, wielding a +0 shortbow and wearing a +0 robe (lightly wounded, haloed, 100% to hit)
The cherub hurls suddenly forward!
The cherub unwields a +0 shortbow.
The cherub wields a +4 flail of flaming.
It bursts into flame!
You block the cherub's attack. The cherub barely misses you.
You slice the cherub like a ripe choko!!!!
You kill the cherub!
Cheibriados appreciates the change of pace.
Items here: ))))) [[[[.
Your +9 triple sword of flaming bursts into flame!
a - a +9 triple sword of flaming (weapon)
Your +9 triple sword of flaming stops flaming.
You feel clever.
b - the staff of death "Kiulac" (weapon)
{rPois rN+ Int+6}
Casting: Lesser Beckoning (safe; 1% risk of failure)
Confirm with . or Enter, or press ? or * to list all spells.
You feel a surge of power!
Your body is suffused with negative energy!
Your +9 triple sword of flaming bursts into flame!
a - a +9 triple sword of flaming (weapon)
You see here a +0 dagger.
There is a stone staircase leading up here.
You climb upwards.
There is a stone staircase leading down here.
You extend your mandibles.
You dig through the rock wall.
You feel drained.
You retract your mandibles.
An Orb Guardian comes into view.
There is a fountain of clear blue water here.
The Orb Guardian hits you but does no damage.
You block the Orb Guardian's attack.
You cut the Orb Guardian into ribbons!!!!
You burn the Orb Guardian.
You kill the Orb Guardian!
Cheibriados thoroughly appreciates the change of pace.
There is a staircase leading out of the dungeon here.
You have escaped!

#.###.#...##.####.#P.#.P~[♣
#............#....#.#..~~._
#..##.#⌠.....'.##.#.##.PP.♣
##..#.#......####.P.P#P...#
##.#.#≈..##.# #..####..P#
#....#≈≈.##.# #### ##P##
#..###≈≈≈...# ###
#....#≈≈≈...#
###....#⌠≈≈L..# ###########
#......###########..........
#.........{......#.###......
#.....#.#...................
#.....#.#.#.∩..#.#...#......
#.....#.#..∩∩[.......#....#.
#....##.#.#.∩........#.#####
#....[..#.#........#.......#
####.####.#.......##.#..##.#


There were no monsters in sight!

Vanquished Creatures
  Cerebov (Pan)
  Asmodeus (Geh:7)
  the Royal Jelly (Slime:5)
  Antaeus (Coc:7)
  Ereshkigal (Tar:7)
  Lom Lobon (Pan)
  Gloorx Vloq (Pan)
  Mnoleg (Pan)
  the Serpent of Hell (Dis:7)
  3 seraphim
  Dispater (Dis:7)
  3 dread liches
  2 ancient liches (Zot:5)
  Khufu (Tomb:1)
  4 orbs of fire
  8 pandemonium lords
  A juggernaut (Depths:3)
  Sojobo (Crypt:3)
  26 royal mummies
  Josephina (Crypt:3)
  Boris (twice) (Vaults:2 Vaults:5)
  Bai Suzhen (Crypt:3)
  Parghit (Depths:4)
  17 shard shrikes (Coc:7)
  Saint Roka (Depths:4)
  Frederick (Depths:3)
  4 Killer Klowns (Zot:5)
  2 curse toes
  26 caustic shrikes
  6 golden dragons
  Geryon (Hell)
  Jory (Crypt:3)
  10 profane servitors (Tar:7)
  A pearl dragon (Pan)
  Nikola (Swamp:4)
  3 bone dragons
  3 doom hounds (Tar:7)
  5 iron giants
  9 Brimstone Fiends
  5 electric golems
  11 tentacled monstrosities
  9 Tzitzimimeh
  A hellephant (Geh:7)
  12 Ice Fiends
  Jorgrun (Swamp:1)
  15 Hell Sentinels
  A shard shrike zombie (Hell)
  7 liches
  A deep elf master archer (Elf:3)
  11 tainted leviathans (Tar:7)
  4 quicksilver dragons
  27 Orb Guardians
  A walking divine tome (Depths:4)
  A titan (Vaults:5)
  2 deep elf blademasters
  7 ancient champions
  9 acid blobs
  15 searing wretches (Geh:7)
  Murray (Hell)
  Gastronok (Lair:2)
  6 death cobs
  Agnes (D:14)
  An eldritch tentacle (Pan)
  A thorn hunter (Swamp:2)
  Kirke (D:14)
  4 tentacled starspawn
  11 sphinxes
  22 Executioners
  Frances (D:13)
  9 storm dragons
  6 tengu reavers
  A draconian monk (Zot:1)
  11 narguns (Coc:7)
  An azure jelly (shapeshifter) (Vaults:5)
  10 azure jellies (Slime:5)
  11 rockslimes
  Donald (Orc:2)
  2 fenstrider witches
  4 draconian knights
  2 revenants
  7 shadow dragons
  11 quicksilver elementals
  14 daevas
  13 vault wardens
  3 demonspawn warmongers
  A draconian scorcher (Zot:1)
  6 iron dragons
  3 deep elf sorcerers (Elf:3)
  12 frost giants
  37 balrugs
  12 fire giants
  3 orc warlords
  2 shard shrike simulacra
  12 ghost moths
  3 juggernaut zombies
  7 draconian shifters
  24 angels
  A caustic shrike zombie (Crypt:3)
  A spectral juggernaut (Tar:7)
  47 very ugly things
  8 curse skulls
  A ghoul (Crypt:2)
  3 draconian stormcallers
  2 deep elf elementalists (Elf:3)
  17 ophanim (Pan)
  2 spriggan defenders
  4 draconian annihilators
  11 ironbound preservers
  14 cacodemons
  2 demonspawn blood saints (Pan)
  9 reapers
  4 demonspawn corrupters (Pan)
  10 quicksilver oozes
  9 green draconians
  18 war gargoyles
  2 ironbound thunderhulks
  2 juggernaut skeletons
  16 stone giants
  20 vampire knights
  5 deep elf demonologists
  4 starflowers (Abyss:3)
  7 black draconians
  A spectral titan (Depths:1)
  10 putrid mouths (Tar:7)
  4 wendigos (Coc:7)
  18 apis (Pan)
  13 lorocyprocas
  4 demonspawn black suns
  4 elemental wellsprings
  11 deep elf annihilators
  An eleionoma (Swamp:2)
  3 bennus (Tomb:3)
  5 bunyips
  13 white draconians
  A minotaur (Gauntlet)
  8 yellow draconians
  4 spark wasps
  2 iron golems (Dis:7)
  7 red draconians
  7 eidola
  5 purple draconians
  4 dire elephants
  8 green deaths
  Snorg (D:13)
  11 deep elf death magi
  8 blizzard demons
  21 mummy priests
  4 quicksilver dragon zombies
  10 fire dragons
  15 jiangshi
  7 ettins
  A crystal guardian (Vaults:3)
  6 deep elf high priests
  10 yaktaur captains
  A spectral kraken (Tar:7)
  6 great orbs of eyes
  A spriggan zombie (Crypt:2)
  17 hydras
  10 ice dragons
  4 rakshasas
  3 ogre magi
  25 vault guards
  2 juggernaut simulacra
  A peacekeeper (Vaults:3)
  A shambling mangrove (Swamp:4)
  6 centaur warriors
  3 hell beasts (Pan)
  4 caustic shrike simulacra
  4 catoblepae
  A quicksilver dragon skeleton (Abyss:2)
  4 salamander tyrants (Geh:7)
  Erica (D:10)
  A ghost crab (Swamp:1)
  3 spriggan skeletons
  A spectral stone giant (Depths:1)
  5 spriggan air magi
  4 death knights
  2 anacondas
  8 ironbound frosthearts
  26 dancing weapons
  8 stokers (Geh:7)
  5 tengu warriors
  6 boulder beetles
  5 deep troll earth magi
  11 deep troll shamans
  6 naga warriors
  15 two-headed ogres
  32 death scarabs
  3 hell hogs (Hell)
  3 death yaks (Lair:5)
  6 spriggan berserkers
  2 titan zombies (Crypt:3)
  17 vampire magi
  4 orc high priests
  Urug (Lair:2)
  8 shock serpents
  A thrashing horror (Abyss:2)
  2 storm dragon zombies
  7 naga sharpshooters
  52 sun demons
  4 wretched stars
  6 crystal echidnas (Dis:7)
  24 deep elf knights
  A fire crab (Gauntlet)
  19 skeletal warriors
  13 sixfirhies
  2 skysharks
  2 titan skeletons (Depths:1)
  9 hell knights
  17 soul eaters
  12 iron trolls
  4 salamander mystics
  A spriggan rider (Swamp:2)
  4 goliath frogs
  2 bunyip zombies
  5 shadow wraiths
  23 deep trolls
  3 golden dragon zombies
  23 large abominations
  2 storm dragon skeletons
  Lodul (D:10)
  A death drake (shapeshifter) (D:12)
  8 flayed ghosts
  6 bog bodies
  11 cherubim
  2 death drakes
  2 spriggan druids (Swamp:4)
  6 swamp dragons
  An anaconda zombie (Hell)
  A quicksilver dragon simulacrum (Crypt:2)
  6 glowing orange brains
  An orb spider (Abyss:2)
  7 deep elf archers
  2 bunyip skeletons
  12 spriggan simulacra
  22 phantasmal warriors
  A naga ritualist (Snake:3)
  2 shadow demons
  A sea snake (Snake:1)
  12 necromancers
  An oklob plant (Lair:3)
  20 deep elf zephyrmancers
  A tengu zombie (Depths:1)
  7 wizards
  An obsidian statue (IceCv)
  10 ironbound convokers
  9 mana vipers
  A golden dragon skeleton (Depths:1)
  3 harpies
  A shadow dragon skeleton (Depths:1)
  10 lindwurms
  11 orc knights
  16 deep elf pyromancers
  A human zombie (Vaults:3)
  38 ugly things
  A sphinx zombie (Depths:1)
  12 salamanders
  A fire giant zombie (D:15)
  7 cyclopes
  A shining eye (Pan)
  2 fauns (shapeshifter)
  3 will-o-the-wisps
  A toenail golem (Volcano)
  3 orc sorcerers
  2 iron dragon skeletons (Depths:1)
  A frost giant zombie (Vaults:3)
  A dire elephant zombie (Crypt:3)
  15 manticores
  5 elephants
  3 rust devils
  A stone giant skeleton (Hell)
  14 black mambas
  3 centaur zombies (D:14)
  13 moths of wrath
  2 guardian serpents (Snake:2)
  A titan simulacrum (Coc:1)
  5 molten gargoyles
  An apocalypse crab (Abyss:3)
  10 naga magi
  3 demonic crawlers
  12 cane toads
  7 centaur skeletons
  19 orange demons
  3 gargoyles
  2 eyes of devastation
  17 vault sentinels
  A storm dragon simulacrum (Depths:1)
  A spectral swamp worm (Tar:7)
  The ghost of mkat the Sneak, a novice DsCK of Xom (D:4)
  22 smoke demons
  A white draconian zombie (Crypt:2)
  21 yaktaurs
  7 kobold demonologists
  2 rime drakes
  An eye of devastation (shapeshifter) (Vaults:5)
  8 hellions
  3 anaconda simulacra (IceCv)
  An orc skeleton (Pan)
  A spark wasp simulacrum (Depths:1)
  3 tengu conjurers
  5 komodo dragons
  3 golden dragon simulacra
  9 ice devils (IceCv)
  2 ancient zymes
  6 efreet
  An unseen horror (Pan)
  7 catoblepas skeletons (Abyss:3)
  20 tormentors
  24 guardian mummies
  2 spectral glowing shapeshifters (Depths:1)
  12 freezing wraiths
  A purple draconian skeleton (Crypt:3)
  4 red devils
  A queen bee (shapeshifter) (Depths:3)
  5 trolls
  6 tyrant leeches
  A wolf spider simulacrum (Gauntlet)
  A harpy zombie (Crypt:3)
  3 meliai (D:14)
  A polar bear (Lair:2)
  An iron giant simulacrum (Coc:7)
  12 hellwings
  A raiju (Abyss:2)
  2 harpy skeletons
  11 hornets
  A hornet (shapeshifter) (Vaults:5)
  A dream sheep (shapeshifter) (D:12)
  12 blink frogs
  A tengu simulacrum (Depths:1)
  A sphinx simulacrum (Depths:1)
  3 meliai zombies (D:14)
  A fire giant simulacrum (Depths:1)
  An ettin zombie (Crypt:3)
  54 slime creatures
  A centaur simulacrum (Gauntlet)
  3 water elementals
  3 stone giant simulacra
  A black mamba zombie (Crypt:2)
  8 spriggans
  9 air elementals
  26 flying skulls
  5 shadows
  20 ynoxinuls
  6 wraiths
  22 vampires
  A dire elephant simulacrum (Coc:7)
  32 yaks
  2 fire bats (Gauntlet)
  4 wyverns
  A hog (D:14)
  9 ushabtiu
  8 golden eyes
  3 small abominations
  12 vampire mosquitoes
  A golden eye (shapeshifter) (Elf:2)
  6 basilisks
  20 neqoxecs
  20 chaos spawn
  2 steam dragons
  A yaktaur simulacrum (Vaults:3)
  A black mamba skeleton (Crypt:2)
  9 minotaur simulacra (IceCv)
  Grum (D:10)
  9 fire elementals
  A warg (Orc:1)
  8 swamp worms
  A two-headed ogre zombie (Crypt:2)
  A naga (shapeshifter) (Vaults:5)
  18 nagas
  2 harpy simulacra
  4 acid dragons
  A swamp worm (shapeshifter) (Vaults:5)
  7 water moccasins
  10 hell hounds
  2 floating eyes (Pan)
  A floating eye (shapeshifter) (Vaults:5)
  A glowing shapeshifter skeleton (Depths:1)
  3 hydra simulacra (IceCv)
  31 orc warriors
  A deep troll skeleton (Crypt:3)
  6 sky beasts (Depths:1)
  A swamp drake (shapeshifter) (Depths:3)
  7 swamp drakes
  2 ice beasts
  A water nymph skeleton (Crypt:3)
  2 black bears (Lair:5)
  An ettin simulacrum (Depths:1)
  A merfolk simulacrum (Crypt:3)
  2 alligator simulacra (IceCv)
  23 ogres
  4 boggarts
  6 centaurs
  5 wolves
  2 elephant skeletons
  A swamp dragon skeleton (Crypt:3)
  3 phantoms
  6 kobold brigands
  6 bullfrogs
  2 scorpions
  6 deep troll simulacra (IceCv)
  12 earth elementals
  2 naga simulacra (Crypt:3)
  A salamander skeleton (Crypt:2)
  6 gnoll sergeants (D:12)
  13 wights
  2 lindwurm simulacra (IceCv)
  A raiju zombie (Crypt:1)
  20 killer bees
  2 howler monkeys
  4 electric eels (Depths:1)
  4 crimson imps (Pan)
  2 quasits
  6 hounds
  2 jellies (D:6)
  9 orc priests
  3 sleepcaps
  5 starcursed masses (Abyss:2)
  3 iguanas
  Terence (D:3)
  4 lightning spires (Depths:1)
  13 orc wizards
  2 boggart skeletons (D:14)
  A killer bee zombie (Crypt:2)
  19 mummies
  A howler monkey zombie (Crypt:2)
  7 adders
  6 gnolls
  A shadow imp (Gauntlet)
  6 white imps
  6 ufetubi
  A worm zombie (Crypt:2)
  A worm (D:4)
  75 orcs
  11 ball pythons
  A bat (D:3)
  2 giant cockroaches
  9 goblins
  2 hobgoblins (D:4)
  12 kobolds
  3 quokkas
  A frilled lizard (D:1)
  A rat (D:2)
  A river rat skeleton (Crypt:3)
  2 fire vortices (Geh:7)
  2 starspawn tentacles (Abyss:2)
  2 tentacles (Tar:7)
2943 creatures vanquished.

Vanquished Creatures (collateral kills)
  Mara (Swamp:4)
  5 royal mummies
  A pandemonium lord (Pan)
  2 hellephants (Hell)
  Rupert (Lair:5)
  An Ice Fiend (Pan)
  4 tentacled monstrosities
  A lich (Tomb:1)
  A deep elf master archer (Elf:3)
  A deep elf blademaster (Elf:3)
  2 Executioners (Pan)
  2 thorn hunters
  3 sphinxes
  2 storm dragons
  4 nagarajas (Snake:4)
  A tengu reaver (Vaults:5)
  2 daevas (Pan)
  A revenant (Tomb:1)
  Roxanne (Elf:1)
  A fire giant (Vaults:5)
  A frost giant (Vaults:5)
  2 deep elf sorcerers
  Louise (Swamp:2)
  7 vault wardens
  2 stone giants (Vaults:5)
  A war gargoyle (Vaults:5)
  7 very ugly things
  5 ironbound preservers
  4 cacodemons (Pan)
  A reaper (Hell)
  3 ironbound thunderhulks (Vaults:4)
  A dire elephant (Vaults:3)
  3 bennus (Tomb:3)
  3 eleionomae
  A deep elf annihilator (Elf:3)
  2 bunyips (Swamp:2)
  3 blizzard demons (Hell)
  2 deep elf death magi (Elf:3)
  An ettin (Vaults:5)
  4 mummy priests
  2 great orbs of eyes
  3 deep elf high priests
  11 hydras
  A ghost crab (Swamp:2)
  5 salamander tyrants (Snake:4)
  5 vault guards
  2 ogre magi (Orc:2)
  3 ironbound frosthearts
  A catoblepas (Lair:5)
  4 anacondas
  9 dancing weapons
  A stoker (Geh:7)
  9 two-headed ogres (Orc:2)
  3 death yaks (Lair:5)
  2 alligators (Swamp:3)
  A vampire mage (Depths:1)
  A spriggan berserker (Swamp:4)
  7 death scarabs (Tomb:1)
  2 orc high priests (Elf:1)
  2 naga warriors
  5 naga sharpshooters
  4 deep elf knights
  7 sun demons
  A shock serpent (Snake:4)
  2 skeletal warriors
  A sixfirhy (Pan)
  A skyshark (Lair:5)
  2 goliath frogs (Swamp:2)
  2 spriggan riders (Swamp:4)
  A cherub (Pan)
  2 salamander mystics (Snake:4)
  9 swamp dragons
  2 spriggan druids (Swamp:2)
  8 deep trolls
  3 ironbound convokers (Vaults:1)
  3 lindwurms (Vaults:1)
  3 bog bodies (Swamp:4)
  6 naga ritualists
  2 orc knights (Vaults:5)
  A phantasmal warrior (Vaults:5)
  An orange crystal statue (Vaults:4)
  4 deep elf archers (Elf:1)
  A mana viper (Snake:3)
  A necromancer (Hell)
  14 deep elf pyromancers
  14 deep elf zephyrmancers
  2 orc sorcerers (Elf:1)
  2 shining eyes (Slime:5)
  6 ugly things
  4 will-o-the-wisps
  8 salamanders
  2 elephants (Lair:1)
  5 slime creatures
  17 black mambas
  A centaur zombie (D:14)
  A cane toad (Lair:4)
  A human skeleton (Vaults:3)
  A vault sentinel (Vaults:4)
  2 molten gargoyles (Hell)
  A rust devil (Pan)
  9 naga magi
  Maggie (D:8)
  A dire elephant skeleton (Tomb:3)
  A rime drake (Lair:5)
  An orange demon (Pan)
  A centaur skeleton (Hell)
  2 komodo dragons
  7 guardian mummies
  9 yaktaurs
  2 ice devils (Hell)
  A red devil (Pan)
  A yaktaur skeleton (Vaults:3)
  2 trolls
  2 tyrant leeches
  2 hornets
  A blink frog (Lair:2)
  An air elemental (Elf:1)
  4 flying skulls
  12 ushabtiu
  A water elemental (Elf:1)
  9 yaks
  3 spriggans
  A wraith (D:10)
  A chaos spawn (Pan)
  3 neqoxecs (Pan)
  6 vampire mosquitoes (Swamp:2)
  4 swamp worms
  A harpy simulacrum (Hell)
  33 nagas
  3 water moccasins
  A large abomination (Pan)
  3 swamp drakes
  8 orc warriors
  11 ogres (Orc:2)
  A black bear (Lair:5)
  10 wolves
  2 centaurs (D:9)
  An earth elemental (Elf:2)
  A bullfrog (Lair:4)
  A wight (D:9)
  8 killer bees
  2 howler monkeys (D:9)
  3 electric eels (Lair:2)
  An orc priest (Orc:1)
  3 jellies (Lair:5)
  An orc wizard (Orc:2)
  7 mummies
  A shadow imp (D:6)
  20 orcs
  4 endoplasms (Lair:5)
  A kobold (D:10)
  3 goblins (D:10)
536 creatures vanquished.

Vanquished Creatures (others)
  A shard shrike (Coc:7)
  An electric golem (Zot:5)
  An eldritch tentacle (Pan)
  A draconian knight (Zot:5)
  A demonspawn blood saint (Pan)
  A wendigo (Coc:1)
  A purple draconian (Zot:5)
  A deep elf high priest (Elf:3)
  A fenstrider witch zombie (Swamp:4)
  A vault guard (Vaults:5)
  A juggernaut simulacrum (Coc:7)
  A deep elf knight (Elf:1)
  An anaconda zombie (Snake:3)
  2 bunyip zombies (Swamp:2)
  A deep elf archer (Elf:2)
  An ugly thing zombie (D:13)
  A spriggan simulacrum (Coc:7)
  3 deep elf zephyrmancers
  3 goliath frog zombies (Swamp:2)
  2 moths of wrath (Zot:3)
  A centaur zombie (D:12)
  A shock serpent zombie (Snake:1)
  A smoke demon (Pan)
  2 death yak zombies (Lair:5)
  A catoblepas zombie (Lair:5)
  3 swamp worm zombies
  2 mana viper zombies
  A bunyip simulacrum (Coc:1)
  4 hydra zombies
  A death drake zombie (D:12)
  2 bloated husks (Swamp:2)
  2 hellwings (Pan)
  3 meliai zombies (D:14)
  5 black mamba zombies
  A water elemental (Elf:1)
  A dire elephant simulacrum (Coc:1)
  3 humans (D:14)
  A fire elemental (Elf:3)
  A tyrant leech zombie (Swamp:2)
  A slime creature zombie (Vaults:1)
  A basilisk (D:14)
  A swamp worm (Swamp:4)
  2 tengu zombies
  A harpy simulacrum (Coc:6)
  6 human zombies
  11 two-headed ogre zombies
  A cane toad zombie (Lair:2)
  2 hornet zombies (Swamp:2)
  4 swamp dragon zombies (Swamp:4)
  2 elephant zombies
  A ghost crab zombie (Swamp:2)
  A lindwurm zombie (Lair:5)
  A boggart (D:15)
  4 vampire mosquito zombies (Swamp:2)
  3 salamander zombies
  A cyclops zombie (D:15)
  A komodo dragon zombie (D:12)
  A water moccasin zombie (Lair:4)
  A warg zombie (Orc:1)
  5 spriggan zombies
  15 yak zombies
  A wolf zombie (D:10)
  A bullfrog zombie (D:7)
  3 black bear zombies (Lair:5)
  2 boggart zombies (D:15)
  6 killer bee zombies (D:9)
  11 naga zombies
  An ice beast zombie (D:6)
  16 ogre zombies
  A gnoll zombie (D:12)
  A swamp drake zombie (Swamp:4)
  A white imp (D:2)
  An adder zombie (D:6)
  6 kobold zombies
  33 orc zombies
  10 ball lightnings
  2 fire vortices (Geh:7)
  15 foxfires
  A lurking horror (Abyss:2)
  26 spectral weapons
  6 starspawn tentacles
  4 tentacles (Tar:7)
276 creatures vanquished.

Grand Total: 3755 creatures vanquished

Notes
Turn   | Place    | Note
-------+----------+-------------------------------------------
     0 | D:1      | middlethird the Formicid Necromancer began the quest for
                  | the Orb.
     0 | D:1      | Reached XP level 1. HP: 13/13 MP: 3/3
    29 | D:1      | Found a faded altar of an unknown god.
   137 | D:1      | Found Ikumpoqa's Antique Armour Emporium.
   199 | D:1      | Reached XP level 2. HP: 19/19 MP: 1/5
   247 | D:1      | Found Vowi's Book Emporium.
   346 | D:1      | Found Qaciful's Armour Emporium.
   350 | D:1      | Found Vehenem's Antique Weapon Shop.
   382 | D:1      | Found Yhyups's Weapon Shop.
   382 | D:1      | Noticed a +0 executioner's axe
   384 | D:1      | Noticed a +0 quick blade
   402 | D:1      | You fall into a shaft and drop 1 floor!
   444 | D:2      | Reached XP level 3. HP: 24/24 MP: 0/7
   740 | D:2      | Reached skill level 1 in Fighting
  1103 | D:2      | You fall into a shaft and drop 1 floor!
  1104 | D:3      | Found an ancient bone altar of Kikubaaqudgha.
  1196 | D:4      | Learned a level 3 spell: Vampiric Draining
  1248 | D:4      | Reached XP level 4. HP: 33/33 MP: 0/8
  1283 | D:3      | Found a radiant altar of Vehumet.
  1313 | D:3      | Noticed Terence
  1376 | D:3      | Found a burning altar of Makhleb.
  1515 | D:3      | Killed Terence
  1516 | D:3      | Reached XP level 5. HP: 38/38 MP: 1/10
  1530 | D:3      | You fall into a shaft and drop 2 floors!
  1530 | D:5      | Entered Level 5 of the Dungeon
  1564 | D:5      | Found an opulent altar of Gozag.
  1615 | D:5      | Reached skill level 5 in Necromancy
  1702 | D:4      | Found a broken altar of Ashenzari.
  1708 | D:4      | Reached XP level 6. HP: 44/44 MP: 9/12
  1728 | D:4      | Found a staircase to the Ecumenical Temple.
  1745 | D:4      | Identified the +5 trident of Armageddon {heavy, Will+
                  | Str+3}
  1755 | Temple   | Entered the Ecumenical Temple
  1822 | Temple   | Became a worshipper of Cheibriados the Contemplative
  1857 | D:4      | Found a runed translucent door.
  1857 | D:4      | Noticed mkat's ghost (novice DsCK)
  2321 | D:4      | You fall into a shaft and drop 2 floors!
  2332 | D:6      | Found Qoinept's Antique Weapon Emporium.
  2405 | D:5      | Noticed an ogre
  2419 | D:5      | Killed an ogre
  2420 | D:5      | Reached XP level 7. HP: 20/53 MP: 1/13
  2587 | D:5      | Found Tunip's Book Shop.
  2878 | D:5      | Reached skill level 5 in Spellcasting
  2883 | D:5      | Learned a level 4 spell: Animate Dead
  3054 | D:6      | Reached * piety under Cheibriados
  3077 | D:6      | Found a sacrificial altar of Ru.
  3191 | D:6      | Reached skill level 5 in Fighting
  3217 | D:6      | Reached XP level 8. HP: 62/62 MP: 15/15
  3426 | D:6      | Found an iron altar of Okawaru.
  3454 | D:6      | Noticed a two-headed ogre
  3457 | D:6      | You fall into a shaft and drop 3 floors!
  3465 | D:8      | You fall into a shaft and drop 1 floor!
  3496 | D:9      | Found a hazy altar of Hepliaklqana.
  3523 | D:8      | Reached ** piety under Cheibriados
  3564 | D:8      | Found a stormy altar of Qazlal.
  3564 | D:8      | Found a glowing silver altar of Zin.
  3565 | D:8      | Found an ornate altar of the Wu Jian Council.
  3829 | D:7      | Reached XP level 9. HP: 69/71 MP: 17/19
  3840 | D:7      | Learned a level 5 spell: Agony
  3997 | D:6      | You fall into a shaft and drop 2 floors!
  4282 | D:7      | Reached skill level 1 in Armour
  5025 | D:6      | Killed a two-headed ogre
  5026 | D:6      | Reached XP level 10. HP: 22/80 MP: 2/22
  5213 | D:1      | Bought a pair of bloodstained boots for 237 gold pieces
  5213 | D:1      | Identified the +0 pair of boots of the Unseen Realm
                  | {Rampage rC- rN+++ Will-} (You bought it in a shop on level
                  | 1 of the Dungeon)
  5218 | D:1      | You fall into a shaft and drop 1 floor!
  5221 | D:2      | You fall into a shaft and drop 1 floor!
  5224 | D:3      | You fall into a shaft and drop 3 floors!
  5227 | D:6      | You fall into a shaft and drop 1 floor!
  5359 | D:8      | Reached *** piety under Cheibriados
  5379 | D:8      | Found a basalt altar of Yredelemnul.
  5431 | D:8      | Reached skill level 5 in Long Blades
  5477 | D:8      | Found a staircase to the Lair.
  5480 | D:8      | Noticed Maggie
  5486 | D:8      | Killed Maggie
  5531 | D:8      | Found a glowing golden altar of the Shining One.
  5716 | D:8      | Reached **** piety under Cheibriados
  6140 | D:9      | Reached ***** piety under Cheibriados
  6182 | D:9      | Reached XP level 11. HP: 82/86 MP: 23/23
  6915 | D:4      | Killed mkat's ghost
  7035 | D:1      | Bought a runed buckler for 187 gold pieces
  7043 | D:1      | You fall into a shaft and drop 1 floor!
  7046 | D:2      | You fall into a shaft and drop 1 floor!
  7049 | D:3      | You fall into a shaft and drop 2 floors!
  7052 | D:5      | You fall into a shaft and drop 3 floors!
  7055 | D:8      | You fall into a shaft and drop 3 floors!
  7093 | D:10     | Entered Level 10 of the Dungeon
  7093 | D:10     | Noticed Erica
  7098 | D:10     | Killed Erica
  7115 | D:10     | Noticed Lodul
  7123 | D:10     | Killed Lodul
  7124 | D:10     | Reached skill level 10 in Long Blades
  7290 | D:10     | Noticed Grum
  7291 | D:10     | Found a flagged portal.
  7291 | D:10     | Noticed a two-headed ogre
  7297 | Bailey   | Entered a bailey
  7429 | Bailey   | Noticed an orc knight
  7458 | Bailey   | Killed an orc knight
  7557 | D:10     | Reached ****** piety under Cheibriados
  7563 | D:10     | Killed a two-headed ogre
  7564 | D:10     | Reached XP level 12. HP: 92/92 MP: 12/24
  7566 | D:10     | Killed Grum
  7695 | D:10     | Noticed a +0 dagger
  7695 | D:10     | Noticed a +0 dagger
  7696 | D:10     | Found a hide-covered altar of Uskayaw.
  7706 | D:10     | Identified the +0 helmet of the World {Harm}
  8174 | D:11     | Noticed a boulder beetle
  8179 | D:11     | Killed a boulder beetle
  8404 | D:11     | Noticed a two-headed ogre
  8410 | D:11     | Killed a two-headed ogre
  8646 | D:12     | Noticed a two-headed ogre
  8653 | D:12     | Killed a two-headed ogre
  8702 | D:12     | Noticed a seven-headed hydra
  8704 | D:12     | Noticed a centaur warrior
  8705 | D:12     | Noticed an entropy weaver
  8709 | D:12     | an entropy weaver changed into a black bear
  8713 | D:12     | Killed a two-headed hydra
  8713 | D:12     | a black bear changed into a death drake
  8713 | D:12     | Noticed a death drake (shapeshifter)
  8717 | D:12     | Killed a centaur warrior
  8721 | D:12     | Killed a death drake
  8753 | D:12     | Noticed a great orb of eyes
  8772 | D:12     | Killed a great orb of eyes
  8773 | D:12     | Reached skill level 10 in Fighting
  8782 | D:12     | Reached skill level 5 in Shields
  8795 | D:12     | Reached XP level 13. HP: 103/103 MP: 25/25
  8851 | D:12     | Reached skill level 5 in Armour
  8928 | D:12     | Found a broken altar of Ashenzari.
  9194 | D:12     | Reached skill level 10 in Spellcasting
  9247 | D:12     | Identified the staff of death "Zaolump" {rN+ Will+ Str+3}
  9300 | D:12     | Found a staircase to the Orcish Mines.
  9541 | D:12     | Gained mutation: You are weak. (Str -2) [potion of
                  | mutation]
  9541 | D:12     | Gained mutation: You are covered in fur. (AC +1) [potion of
                  | mutation]
  9541 | D:12     | Gained mutation: Your movements are slightly less
                  | encumbered by armour. (ER -2) [potion of mutation]
  9649 | D:13     | Found a gate leading to a gauntlet.
  9678 | Gauntlet | Entered a Gauntlet
  9678 | Gauntlet | Found a transporter.
  9678 | Gauntlet | Found a runed translucent gate.
  9678 | Gauntlet | Found a runed translucent gate.
  9681 | Gauntlet | Found a runed translucent gate.
  9681 | Gauntlet | Found a transporter.
  9683 | Gauntlet | Found a transporter.
  9699 | Gauntlet | Found a transporter.
  9700 | Gauntlet | Found a transporter.
  9713 | Gauntlet | Found a transporter.
  9724 | Gauntlet | Found a transporter.
  9738 | Gauntlet | Found a transporter.
  9758 | Gauntlet | Found a transporter.
  9762 | Gauntlet | Found a transporter.
  9772 | Gauntlet | Found a transporter.
  9775 | Gauntlet | Found a transporter.
  9807 | Gauntlet | Found a transporter.
  9812 | Gauntlet | Found a transporter.
  9973 | Gauntlet | Identified the +0 pair of boots "Daopulynae" {*Slow rElec
                  | Slay+6}
 10070 | Gauntlet | Noticed a minotaur
 10075 | Gauntlet | Killed a minotaur
 10082 | Gauntlet | Identified the staff of poison "Hiomu" {rPois Str+3 Int+2
                  | SInv}
 10351 | D:1      | Bought the +2 shield of Resistance {rF++ rC++ Will++} for
                  | 705 gold pieces
 10351 | D:1      | Found the +2 shield of Resistance {rF++ rC++ Will++}
 10364 | D:1      | You fall into a shaft and drop 1 floor!
 10367 | D:2      | You fall into a shaft and drop 2 floors!
 10370 | D:4      | You fall into a shaft and drop 3 floors!
 10373 | D:7      | You fall into a shaft and drop 1 floor!
 10376 | D:8      | You fall into a shaft and drop 2 floors!
 10379 | D:10     | You fall into a shaft and drop 1 floor!
 10382 | D:11     | You fall into a shaft and drop 1 floor!
 10573 | D:13     | Noticed Snorg
 10596 | D:13     | Killed Snorg
 10605 | D:13     | Reached skill level 10 in Shields
 10605 | D:13     | Reached XP level 14. HP: 74/110 MP: 23/28
 10778 | D:13     | Learned a level 4 spell: Dispel Undead
 10785 | D:13     | Learned a level 6 spell: Death Channel
 10890 | D:13     | Noticed Frances
 10900 | D:13     | You fall into a shaft and drop 2 floors!
 10900 | D:15     | Entered Level 15 of the Dungeon
 10906 | D:15     | Found a frozen archway.
 10989 | IceCv    | Entered an ice cave
 11131 | IceCv    | Identified the staff of air "Zako" {rElec rF+ rCorr Str+6}
 11463 | IceCv    | Noticed an Ice Fiend
 11484 | IceCv    | Noticed a white very ugly thing
 11494 | IceCv    | Killed a white very ugly thing
 11569 | IceCv    | Killed an Ice Fiend
 11570 | IceCv    | Reached skill level 10 in Necromancy
 11801 | D:15     | Found a hazy altar of Hepliaklqana.
 11903 | D:14     | Noticed Kirke
 11915 | D:14     | Killed Kirke
 11957 | D:14     | Noticed Agnes
 11968 | D:14     | Reached XP level 15. HP: 71/108 MP: 13/29
 12559 | D:13     | Killed Frances
 12976 | D:14     | Killed Agnes
 13111 | D:14     | Found a gate to the Vaults.
 13162 | D:14     | You fall into a shaft and drop 1 floor!
 13305 | D:15     | Reached skill level 15 in Long Blades
 13362 | D:15     | Reached XP level 16. HP: 126/126 MP: 31/31
 13379 | D:15     | Found a staircase to the Depths.
 13384 | D:15     | Identified the +5 ring mail "Dumuv" {Regen+}
 13710 | Orc:1    | Entered Level 1 of the Orcish Mines
 13748 | Orc:1    | You fall into a shaft and drop 1 floor!
 13748 | Orc:2    | Entered Level 2 of the Orcish Mines
 13775 | Orc:2    | Found Vijawkatt's Book Shoppe.
 13775 | Orc:2    | Found Efus's Book Boutique.
 13775 | Orc:2    | Found Myzxuts's Antique Armour Shop.
 13775 | Orc:2    | Found Ylur's General Store.
 13775 | Orc:2    | Noticed Donald
 13809 | Orc:2    | Killed Donald
 13811 | Orc:2    | Reached skill level 1 in Invocations
 13819 | Orc:2    | Your ally Donald died
 13827 | Orc:2    | Reached skill level 5 in Invocations
 13853 | Orc:2    | Found Xutawkaj's Jewellery Emporium.
 13870 | Orc:2    | Bought a book of Party Tricks for 192 gold pieces
 13872 | Orc:2    | Learned a level 1 spell: Apportation
 13945 | Orc:2    | Reached skill level 1 in Translocations
 14260 | Orc:1    | You fall into a shaft and drop 1 floor!
 14282 | Orc:2    | Found a staircase to the Elven Halls.
 14428 | Orc:2    | Bought a potion of curing for 39 gold pieces
 14428 | Orc:2    | Bought a wand of acid (5) for 273 gold pieces
 14433 | Orc:2    | Bought a book of Death for 528 gold pieces
 14587 | Lair:1   | Entered Level 1 of the Lair of Beasts
 15084 | Lair:1   | You fall into a shaft and drop 1 floor!
 15153 | Lair:2   | Found a staircase to the Snake Pit.
 15257 | Lair:2   | Reached XP level 17. HP: 133/133 MP: 33/33
 15284 | Lair:2   | Noticed Urug
 15296 | Lair:2   | Killed Urug
 15353 | Lair:2   | Noticed Gastronok
 15361 | Lair:2   | Killed Gastronok
 15454 | Lair:2   | Identified 2 scrolls of acquirement
 15455 | Lair:2   | Acquired a book of Spatial Translocations
 15460 | Lair:2   | Learned a level 2 spell: Lesser Beckoning
 15460 | Lair:2   | Acquired 813 gold pieces
 15640 | Lair:2   | Found a staircase to the Swamp.
 15724 | Lair:2   | You fall into a shaft and drop 1 floor!
 15846 | Lair:3   | Found a dark tunnel.
 15857 | Volcano  | Entered a volcano
 16088 | Lair:3   | Found a bloodstained altar of Trog.
 16587 | Lair:5   | Entered Level 5 of the Lair of Beasts
 16886 | Lair:5   | Noticed Rupert
 16889 | Lair:5   | Killed Rupert
 17005 | Lair:5   | Found a staircase to the Slime Pits.
 17006 | Lair:5   | Found a viscous altar of Jiyva.
 17331 | Snake:1  | Entered Level 1 of the Snake Pit
 17574 | Snake:1  | Reached XP level 18. HP: 139/140 MP: 31/36
 17707 | Snake:1  | Found Garadgh's Self-Improvement Boutique.
 18095 | Snake:2  | Reached skill level 15 in Necromancy
 18179 | Snake:2  | Learned a level 8 spell: Infestation
 18612 | Snake:2  | Identified the +4 rapier of Riffynno {holy, Drain rElec rF+
                  | Dex+6}
 19277 | Snake:3  | Identified the +4 scale mail "Niwougauf" {rC+ Int+6}
 19465 | Snake:4  | Entered Level 4 of the Snake Pit
 19717 | Snake:4  | Identified the +4 long sword "Ebedirr" {spect, +Blink rPois
                  | Will- Int+8}
 19750 | Snake:4  | Got the Grimoire of Calefaction and Maleficia
 19918 | Snake:4  | Reached XP level 19. HP: 146/146 MP: 25/37
 19997 | Snake:4  | Got a serpentine rune of Zot
 20060 | Snake:4  | Reached skill level 15 in Spellcasting
 20163 | Snake:1  | Bought a manual of Invocations for 1280 gold pieces
 20218 | Swamp:1  | Entered Level 1 of the Swamp
 20218 | Swamp:1  | Noticed Jorgrun
 20222 | Swamp:1  | Killed Jorgrun
 20823 | Swamp:2  | Noticed Louise
 20830 | Swamp:2  | Killed Louise
 20938 | Swamp:2  | Identified the +0 robe of Okawaru's Hope {Rampage Str+3
                  | Dex+3 Stlth+}
 21287 | Swamp:3  | Reached skill level 10 in Invocations
 21573 | Swamp:4  | Entered Level 4 of the Swamp
 21593 | Swamp:4  | Reached XP level 20. HP: 153/158 MP: 36/40
 21640 | Swamp:4  | Reached skill level 1 in Fire Magic
 21726 | Swamp:4  | Got a decaying rune of Zot
 21741 | Swamp:4  | Reached skill level 5 in Fire Magic
 21827 | Swamp:4  | Noticed Mara
 21830 | Swamp:4  | Noticed middlethird's illusion
 21855 | Swamp:4  | Killed Mara
 22006 | Swamp:4  | Noticed Nikola
 22006 | Swamp:4  | Noticed a tentacled monstrosity
 22053 | Swamp:4  | Killed a tentacled monstrosity
 22067 | Swamp:4  | Killed Nikola
 22330 | D:8      | You fall into a shaft and drop 1 floor!
 22333 | D:9      | You fall into a shaft and drop 2 floors!
 22336 | D:11     | You fall into a shaft and drop 2 floors!
 22339 | D:13     | You fall into a shaft and drop 2 floors!
 22397 | Vaults:1 | Entered Level 1 of the Vaults
 23070 | Vaults:1 | Reached skill level 10 in Fire Magic
 23359 | Vaults:1 | Learned a level 6 spell: Simulacrum
 23363 | Vaults:1 | Learned a level 3 spell: Frozen Ramparts
 23367 | Vaults:1 | Learned a level 3 spell: Ozocubu's Armour
 23550 | Vaults:2 | Reached skill level 1 in Ice Magic
 23592 | Vaults:2 | Reached XP level 21. HP: 155/165 MP: 41/41
 24250 | Vaults:2 | Noticed Boris
 24255 | Vaults:2 | Killed Boris
 24441 | Vaults:2 | You fall into a shaft and drop 1 floor!
 24805 | Vaults:3 | Found Eniudos's Book Shoppe.
 24862 | Vaults:3 | Identified the +3 morningstar of Theory {freeze, Will+
                  | rCorr}
 25181 | Vaults:3 | Found a staircase to the Crypt.
 25380 | Vaults:2 | You fall into a shaft and drop 2 floors!
 25888 | Vaults:3 | You fall into a shaft and drop 1 floor!
 25963 | Vaults:4 | Reached XP level 22. HP: 146/172 MP: 28/43
 25985 | Vaults:4 | Found Vahicsai's Jewellery Emporium.
 25993 | Vaults:4 | Bought the amulet of the Four Winds {rN+ Will+++ Clar} for
                  | 1153 gold pieces
 25993 | Vaults:4 | Found the amulet of the Four Winds {rN+ Will+++ Clar}
 26787 | Elf:1    | Entered Level 1 of the Elven Halls
 26881 | Elf:1    | Learned a level 8 spell: Ignition
 26932 | Elf:1    | Reached skill level 15 in Fire Magic
 26933 | Elf:1    | Identified Roxanne's Papyrus of Detritus
 26933 | Elf:1    | Noticed Roxanne
 27043 | Elf:1    | Killed Roxanne
 27047 | Elf:1    | Identified the +1 ring mail of Good Intentions {+Inv Regen+
                  | rCorr Slay-5}
 27151 | Elf:1    | Found an ancient bone altar of Kikubaaqudgha.
 27847 | Elf:2    | Found a huge runed translucent gate.
 27847 | Elf:2    | Found a huge runed translucent gate.
 27847 | Elf:2    | Found a huge runed translucent gate.
 27850 | Elf:2    | Found a huge runed translucent gate.
 27850 | Elf:2    | Found a huge runed translucent gate.
 28076 | Elf:2    | Reached XP level 23. HP: 75/178 MP: 42/45
 28215 | Elf:3    | Entered Level 3 of the Elven Halls
 28860 | Elf:3    | Identified the amulet "Fafionot" {Acrobat Fragile Will+
                  | Regen+}
 28998 | Elf:3    | Identified the +4 ring mail "Rekkilis" {Str+3}
 29105 | Elf:3    | Identified the staff of fire "Yqi Heedd" {rElec rF+ rC++
                  | Str+2 Dex-3}
 29370 | D:12     | You fall into a shaft and drop 1 floor!
 29373 | D:13     | You fall into a shaft and drop 1 floor!
 29385 | Vaults:1 | You fall into a shaft and drop 1 floor!
 29388 | Vaults:2 | You fall into a shaft and drop 2 floors!
 29400 | Vaults:5 | Entered Level 5 of the Vaults
 29414 | Vaults:5 | Reached skill level 15 in Fighting
 29425 | Vaults:5 | Reached XP level 24. HP: 134/189 MP: 35/45
 29682 | Vaults:5 | Identified the staff of poison "Vukkya" {rPois Str+3}
 29691 | Vaults:5 | Identified the +5 spear "Goblinslayer" {elec, Fly rC- Int+6
                  | Dex+2}
 29725 | Vaults:5 | Identified the +1 dagger "Rebbiuh" {antimagic, +Blink
                  | rPois}
 29784 | Vaults:5 | Got a silver rune of Zot
 30015 | Vaults:5 | Identified the +8 chain mail "Xoin Ixa" {rCorr Stlth+}
 30161 | Vaults:5 | Noticed Boris
 30168 | Vaults:5 | Killed Boris
 30280 | Vaults:5 | Identified the +3 shortbow of Sunlight {elec, rN+}
 30316 | Vaults:5 | Identified the +14 chain mail of the Old and Reckless
                  | {rCorr}
 30316 | Vaults:5 | Identified the ring "Buno" {rPois SInv}
 30520 | Vaults:5 | Got the Tome of the Rancid Geologist
 30531 | Vaults:5 | Identified the +4 quick blade "Zeint" {antimagic, rPois rC+
                  | rN+}
 30589 | Vaults:5 | Identified the +1 pair of boots of Zimaung {rC+ rN+ Int+4}
 31021 | D:14     | You fall into a shaft and drop 1 floor!
 31062 | Depths:1 | Entered Level 1 of the Depths
 31142 | Depths:1 | Reached XP level 25. HP: 197/197 MP: 32/46
 31198 | Depths:1 | Found a runed translucent door.
 31328 | Depths:1 | Reached skill level 1 in Transmutations
 31354 | Depths:1 | Reached skill level 5 in Transmutations
 31449 | Depths:1 | Found a gateway to Hell.
 31618 | Depths:1 | Found an ancient bone altar of Kikubaaqudgha.
 31789 | Depths:1 | Identified the ring of Teihe {Drain rElec rPois rCorr
                  | Dex+3}
 31827 | Depths:1 | Found a one-way gate leading to the halls of Pandemonium.
 31885 | Depths:1 | Learned a level 8 spell: Necromutation
 31955 | Depths:1 | Identified the +4 battleaxe of Patterns {antimagic, rC+
                  | Dex+2 Stlth-}
 31956 | Depths:1 | Identified the +5 great mace of Zoipp {speed, rF+ rC+ Str+3
                  | Dex+3}
 32119 | Depths:2 | Identified the +2 mace "Zuplear" {freeze, rElec Str-4 Int+3
                  | Stlth+}
 32195 | Depths:2 | Found a sacrificial altar of Ru.
 32230 | Depths:2 | Identified the +8 great sword "Fomp" {spect, rF+ Str+3
                  | Int+2}
 32263 | Depths:2 | Reached skill level 10 in Transmutations
 32516 | Depths:2 | Found a one-way gate to the infinite horrors of the Abyss.
 32543 | Depths:2 | Reached XP level 26. HP: 199/199 MP: 39/47
 32590 | Depths:2 | Found the +10 dark maul {heavy}
 32620 | Depths:2 | Found a stormy altar of Qazlal.
 32938 | Depths:2 | You fall into a shaft and drop 2 floors!
 32938 | Depths:4 | Entered Level 4 of the Depths
 33119 | Depths:4 | Noticed Saint Roka
 33126 | Depths:4 | Killed Saint Roka
 33191 | Depths:4 | Found a shimmering altar of Xom.
 33555 | Depths:4 | Noticed Parghit
 33819 | Depths:4 | Killed Parghit
 33871 | Depths:4 | Found a gate to the Realm of Zot.
 33965 | Depths:3 | Noticed a juggernaut
 33974 | Depths:3 | Killed a juggernaut
 34077 | Depths:3 | Reached XP level 27. HP: 196/213 MP: 47/48
 34158 | Depths:3 | Noticed Frederick
 34169 | Depths:3 | Killed Frederick
 34172 | Depths:3 | Found a portal to a secret trove of treasure.
 34310 | Depths:3 | Identified the +0 leather armour of Dyosooh {Regen+ Str+3}
 34446 | Depths:3 | Identified the staff of earth "Gitridoz" {+Blink rC-
                  | Will+++ SInv}
 34598 | Depths:3 | Found a one-way gateway to a ziggurat.
 34983 | Depths:3 | Acquired the ring "Ruosto" {EV+5 Dex+3}
 35123 | Depths:2 | You fall into a shaft and drop 2 floors!
 35161 | Zot:1    | Entered Level 1 of the Realm of Zot
 35337 | Depths:3 | You paid a toll of +3 shadow dragon scales to enter a
                  | treasure trove
 35338 | Trove    | Entered a treasure trove
 35358 | Trove    | Identified the staff of death "Kiulac" {rPois rN+ Int+6}
 35393 | Trove    | Got the Almanac of Conjuration
 35403 | Trove    | Got the Folio of Anemomancy
 35407 | Trove    | Identified the +4 rapier of Destiny {pain, Dex+3}
 35770 | Lair:1   | You fall into a shaft and drop 1 floor!
 35773 | Lair:2   | You fall into a shaft and drop 2 floors!
 35793 | Slime:1  | Entered Level 1 of the Pits of Slime
 36146 | Slime:5  | Entered Level 5 of the Pits of Slime
 36509 | Slime:5  | Found a viscous altar of Jiyva.
 36523 | Slime:5  | Noticed the Royal Jelly
 36532 | Slime:5  | Killed the Royal Jelly
 36612 | Slime:5  | Got the Parchment of the Voyage and Metamorphosis
 36612 | Slime:5  | Got Tinacy's Vellum of Unclean Company
 36612 | Slime:5  | Got a slimy rune of Zot
 36618 | Slime:5  | Identified the staff of death "Cemav" {rN+ Will+}
 36638 | Slime:5  | Identified the staff of cold "Ujesoir" {Drain rElec rF+ rC+
                  | Str+2}
 36658 | Slime:5  | Identified the +9 mace of Responsibility {antimagic, rC+}
 36820 | D:8      | You fall into a shaft and drop 1 floor!
 36823 | D:9      | You fall into a shaft and drop 3 floors!
 36826 | D:12     | You fall into a shaft and drop 2 floors!
 36829 | D:14     | You fall into a shaft and drop 1 floor!
 36880 | Depths:1 | You fall into a shaft and drop 1 floor!
 36908 | Pan      | Entered Pandemonium
 36909 | Pan      | Found an exit through the horrors of the Abyss.
 37283 | Pan      | Learned a level 5 spell: Borgnjor's Vile Clutch
 37312 | Pan      | Reached skill level 1 in Earth Magic
 37438 | Pan      | Found a glowing silver altar of Zin.
 37638 | Pan      | Reached skill level 5 in Earth Magic
 37771 | Pan      | Identified the amulet "Jyolium" {Reflect Drain rPois MP+9
                  | SH+5 SInv}
 38123 | Pan      | Noticed a seraph
 38265 | Pan      | Killed a seraph
 38266 | Pan      | Reached skill level 15 in Invocations
 38296 | Pan      | Found a glowing golden altar of the Shining One.
 38315 | Pan      | Identified the staff of earth "Hirong" {Will+}
 38316 | Pan      | Got the Tome of Bombardment
 38316 | Pan      | Got a demonic rune of Zot
 38319 | Pan      | Identified the +1 leather armour "Uwnumuon" {SInv}
 38453 | Depths:2 | Escaped Pandemonium
 38490 | Pan      | Entered Pandemonium
 38516 | Pan      | Found an opulent altar of Gozag.
 38516 | Pan      | Noticed a dread lich
 38517 | Pan      | Found Qegajeiz's Superb Hardware.
 38526 | Pan      | Killed a dread lich
 38562 | Pan      | Found Qegajeiz's Infernal Boutique.
 38562 | Pan      | Found an opulent altar of Gozag.
 38637 | Pan      | Found an opulent altar of Gozag.
 38645 | Pan      | Noticed Qegajeiz the pandemonium lord
 38656 | Pan      | Killed Qegajeiz the pandemonium lord
 38671 | Pan      | Reached skill level 10 in Armour
 38681 | Pan      | Found Qegajeiz's Exquisite Manuscripts.
 38684 | Pan      | Found Qegajeiz's Rarities Supply.
 38689 | Pan      | Bought a scroll of enchant armour for 120 gold pieces
 38689 | Pan      | Bought a scroll of fog for 64 gold pieces
 38689 | Pan      | Bought 2 scrolls of enchant armour for 240 gold pieces
 38689 | Pan      | Bought a scroll of fog for 64 gold pieces
 38689 | Pan      | Bought a scroll of brand weapon for 152 gold pieces
 38697 | Pan      | Bought the ring "Xakuijya" {Wiz Dex+2 Stlth+} for 660 gold
                  | pieces
 38975 | Pan      | Noticed Vasisil the pandemonium lord
 38987 | Pan      | Killed Vasisil the pandemonium lord
 39112 | Pan      | Entered the realm of Cerebov.
 39296 | Pan      | Identified the ring "Houtyule" {Ice Str+3 Dex+3}
 39325 | Pan      | Found the +6 sword of Cerebov {flame}
 39325 | Pan      | Noticed Cerebov
 39443 | Pan      | Identified the +7 long sword "Raupu" {speed, Fragile rC++}
 39695 | Pan      | Killed Cerebov
 39770 | Pan      | Identified the ring of Xoik {Fly rCorr MP+9 Str-2 Int+4}
 39797 | Pan      | Reached skill level 5 in Dodging
 39934 | Pan      | Got a fiery rune of Zot
 40121 | Pan      | Noticed Lymaorih the pandemonium lord
 40133 | Pan      | Killed Lymaorih the pandemonium lord
 40288 | Pan      | Found a runed translucent door.
 40552 | Pan      | Noticed Bakkiega the pandemonium lord
 40557 | Pan      | Killed Bakkiega the pandemonium lord
 41179 | Pan      | Entered the realm of Lom Lobon.
 41512 | Pan      | Noticed Lom Lobon
 41534 | Pan      | Killed Lom Lobon
 41543 | Pan      | Got a magical rune of Zot
 41772 | Pan      | Entered the realm of Mnoleg.
 41955 | Pan      | Noticed Mnoleg
 41985 | Pan      | Killed Mnoleg
 42107 | Pan      | Identified the staff of death "Limyemix" {rC+ rN+ Dex+3}
 42160 | Pan      | Got a glowing rune of Zot
 42334 | Pan      | Entered the realm of Gloorx Vloq.
 42334 | Pan      | Noticed Gloorx Vloq
 42341 | Pan      | Killed Gloorx Vloq
 42351 | Pan      | Reached skill level 15 in Shields
 42364 | Pan      | Got a dark rune of Zot
 42525 | Pan      | Found an exit through the horrors of the Abyss.
 42543 | Pan      | Took an exit into the Abyss.
 42543 | Abyss:1  | Escaped into the Abyss
 42985 | Abyss:3  | Found a corrupted altar of Lugonu.
 42992 | Abyss:3  | Found a corrupted altar of Lugonu.
 42992 | Abyss:3  | Found a corrupted altar of Lugonu.
 43227 | Abyss:3  | Got an abyssal rune of Zot
 43397 | Depths:2 | Escaped the Abyss
 43515 | D:14     | Lost mutation: You are weak. (Str -2) [potion of mutation]
 43515 | D:14     | Lost mutation: You are covered in fur. (AC +1) [potion of
                  | mutation]
 43515 | D:14     | Gained mutation: You expend magic power (3 MP) to
                  | strengthen your wands. [potion of mutation]
 43515 | D:14     | Gained mutation: You passively map a small area around you.
                  | [potion of mutation]
 43515 | D:14     | Gained mutation: Your system is resistant to poisons.
                  | (rPois) [potion of mutation]
 43523 | Vaults:1 | You fall into a shaft and drop 1 floor!
 43566 | Crypt:1  | Entered Level 1 of the Crypt
 43624 | Crypt:2  | Reached skill level 15 in Armour
 43917 | Crypt:2  | Found an ancient bone altar of Kikubaaqudgha.
 44121 | Crypt:3  | Entered Level 3 of the Crypt
 44152 | Crypt:3  | Identified the ring "Yravaod" {Ice rN+ MP-9 Int+2}
 44152 | Crypt:3  | Noticed Josephina
 44158 | Crypt:3  | Killed Josephina
 44201 | Crypt:3  | Found a staircase to the Tomb.
 44363 | Crypt:3  | Noticed Bai Suzhen
 44373 | Crypt:3  | Killed Bai Suzhen
 44411 | Crypt:3  | Noticed Sojobo
 44430 | Crypt:3  | Killed Sojobo
 44570 | Crypt:3  | Noticed Jory
 44574 | Crypt:3  | Killed Jory
 44575 | Crypt:3  | Reached skill level 10 in Dodging
 44584 | Crypt:3  | Identified the ring of Umat {rN+ Str+3}
 44591 | Crypt:3  | Identified the ring of the Enfolding Gods {rN+ Will+}
 44654 | Crypt:3  | Identified the staff of earth "Vanoism" {*Corrode rElec
                  | rPois Dex+6}
 44842 | Tomb:1   | Entered Level 1 of the Tomb of the Ancients
 44859 | Tomb:1   | Noticed Khufu
 44859 | Tomb:1   | Noticed a royal mummy
 44871 | Tomb:1   | Noticed a royal mummy
 44880 | Tomb:1   | Killed Khufu
 44886 | Tomb:1   | Killed a royal mummy
 44892 | Tomb:1   | Killed a royal mummy
 45019 | Tomb:1   | Noticed a royal mummy
 45020 | Tomb:1   | Noticed a royal mummy
 45021 | Tomb:1   | Noticed a royal mummy
 45022 | Tomb:1   | Killed a royal mummy
 45025 | Tomb:1   | Killed a royal mummy
 45044 | Tomb:1   | Killed a royal mummy
 45056 | Tomb:1   | Learned a level 9 spell: Death's Door
 45180 | Tomb:1   | Identified the amulet of Roonkedd {Acrobat Rampage}
 45213 | Tomb:2   | Noticed a royal mummy
 45237 | Tomb:2   | Noticed a royal mummy
 45239 | Tomb:2   | Killed a royal mummy
 45265 | Tomb:2   | Killed a royal mummy
 45291 | Tomb:2   | Noticed a royal mummy
 45299 | Tomb:2   | Killed a royal mummy
 45302 | Tomb:2   | Noticed a royal mummy
 45308 | Tomb:2   | Killed a royal mummy
 45398 | Tomb:1   | Noticed a royal mummy
 45415 | Tomb:1   | Killed a royal mummy
 45415 | Tomb:1   | Noticed a royal mummy
 45417 | Tomb:1   | Noticed a royal mummy
 45419 | Tomb:1   | Noticed a royal mummy
 45423 | Tomb:1   | Killed a royal mummy
 45435 | Tomb:1   | Killed a royal mummy
 45437 | Tomb:1   | Killed a royal mummy
 45456 | Tomb:1   | Noticed a royal mummy
 45464 | Tomb:1   | Killed a royal mummy
 45471 | Tomb:1   | Noticed a royal mummy
 45480 | Tomb:1   | Killed a royal mummy
 45539 | Tomb:1   | Noticed a royal mummy
 45540 | Tomb:1   | Noticed a royal mummy
 45543 | Tomb:1   | Noticed a royal mummy
 45556 | Tomb:1   | Noticed a royal mummy
 45560 | Tomb:1   | Noticed a royal mummy
 45561 | Tomb:1   | Killed a royal mummy
 45562 | Tomb:1   | Noticed a royal mummy
 45563 | Tomb:1   | Killed a royal mummy
 45563 | Tomb:1   | Killed a royal mummy
 45567 | Tomb:1   | Killed a royal mummy
 45569 | Tomb:1   | Killed a royal mummy
 45573 | Tomb:1   | Killed a royal mummy
 45578 | Tomb:1   | Noticed a royal mummy
 45581 | Tomb:1   | Noticed a royal mummy
 45586 | Tomb:1   | Killed a royal mummy
 45593 | Tomb:1   | Killed a royal mummy
 45794 | Tomb:3   | Entered Level 3 of the Tomb of the Ancients
 45810 | Tomb:3   | Noticed a royal mummy
 45815 | Tomb:3   | Killed a royal mummy
 45815 | Tomb:3   | Noticed a royal mummy
 45819 | Tomb:3   | Noticed a royal mummy
 45819 | Tomb:3   | Killed a royal mummy
 45827 | Tomb:3   | Killed a royal mummy
 45828 | Tomb:3   | Reached skill level 27 in Spellcasting
 45831 | Tomb:3   | Noticed a royal mummy
 45837 | Tomb:3   | Killed a royal mummy
 45849 | Tomb:3   | Noticed a royal mummy
 45851 | Tomb:3   | Killed a royal mummy
 45858 | Tomb:3   | Noticed a royal mummy
 45861 | Tomb:3   | Killed a royal mummy
 45862 | Tomb:3   | Noticed a royal mummy
 45866 | Tomb:3   | Noticed a royal mummy
 45869 | Tomb:3   | Killed a royal mummy
 45875 | Tomb:3   | Killed a royal mummy
 45899 | Tomb:3   | Got a golden rune of Zot
 45949 | Tomb:3   | Identified the +1 swamp dragon scales of the Gravedigger
                  | {+Inv rPois}
 45956 | Tomb:3   | Identified the +0 pair of gloves of Context {Harm}
 45969 | Tomb:3   | Identified the +11 mace "Moosut" {pain, Str+2}
 46068 | Tomb:3   | Identified the ring of Zoilew {rPois rF++ AC+4 Int+3 Dex+2
                  | SInv}
 46546 | D:14     | You fall into a shaft and drop 1 floor!
 46621 | Hell     | Entered the Vestibule of Hell
 46633 | Hell     | Noticed Geryon
 46648 | Hell     | Killed Geryon
 46688 | Hell     | Found a gateway to the freezing wastes of Cocytus.
 46722 | Coc:1    | Entered Level 1 of Cocytus
 46759 | Coc:1    | You are sucked into a shaft and drop 1 floor!
 46762 | Coc:2    | You are sucked into a shaft and drop 2 floors!
 46769 | Coc:4    | You are sucked into a shaft and drop 1 floor!
 46770 | Coc:5    | Noticed a shard shrike
 46772 | Coc:5    | You are sucked into a shaft and drop 1 floor!
 46772 | Coc:6    | Noticed a shard shrike
 46772 | Coc:6    | Noticed a shard shrike
 46772 | Coc:6    | Noticed a shard shrike
 46772 | Coc:6    | Noticed a shard shrike
 46775 | Coc:6    | You are sucked into a shaft and drop 1 floor!
 46775 | Coc:7    | Entered Level 7 of Cocytus
 46775 | Coc:7    | Noticed a shard shrike
 46776 | Coc:7    | Noticed a shard shrike
 46776 | Coc:7    | Noticed a shard shrike
 46779 | Coc:7    | Killed a shard shrike
 46779 | Coc:7    | Killed a shard shrike
 46784 | Coc:7    | Killed a shard shrike
 46791 | Coc:7    | Noticed a shard shrike
 46811 | Coc:7    | Killed a shard shrike
 46821 | Coc:7    | Noticed a shard shrike
 46839 | Coc:7    | Killed a shard shrike
 46841 | Coc:7    | Noticed a shard shrike
 46842 | Coc:7    | Noticed a shard shrike
 46846 | Coc:7    | Killed a shard shrike
 46848 | Coc:7    | Killed a shard shrike
 46871 | Coc:7    | Noticed a shard shrike
 46875 | Coc:7    | Killed a shard shrike
 46907 | Coc:7    | Noticed Antaeus
 46925 | Coc:7    | Killed Antaeus
 46950 | Coc:7    | Found the +7 great mace "Undeadhunter" {deathbane, rN+}
 46961 | Coc:7    | Got an icy rune of Zot
 46995 | Coc:7    | Noticed a shard shrike
 47005 | Coc:7    | Noticed a shard shrike
 47005 | Coc:7    | Noticed a shard shrike
 47007 | Coc:7    | Killed a shard shrike
 47008 | Coc:7    | Noticed a shard shrike
 47010 | Coc:7    | Noticed a shard shrike
 47014 | Coc:7    | Killed a shard shrike
 47015 | Coc:7    | Killed a shard shrike
 47019 | Coc:7    | Killed a shard shrike
 47022 | Coc:7    | Killed a shard shrike
 47023 | Coc:7    | Noticed a shard shrike
 47024 | Coc:7    | Noticed a shard shrike
 47027 | Coc:7    | Killed a shard shrike
 47028 | Coc:7    | Noticed a shard shrike
 47034 | Coc:7    | Noticed a shard shrike
 47035 | Coc:7    | Killed a shard shrike
 47035 | Coc:7    | Killed a shard shrike
 47037 | Coc:7    | Killed a shard shrike
 47037 | Coc:7    | Noticed a shard shrike
 47045 | Coc:7    | Killed a shard shrike
 47187 | Hell     | Found a gateway to the ashen valley of Gehenna.
 47199 | Geh:1    | Entered Level 1 of Gehenna
 47203 | Geh:1    | You fall into a shaft and drop 1 floor!
 47210 | Geh:2    | You fall into a shaft and drop 2 floors!
 47221 | Geh:4    | You fall into a shaft and drop 2 floors!
 47224 | Geh:6    | You fall into a shaft and drop 1 floor!
 47224 | Geh:7    | Entered Level 7 of Gehenna
 47278 | Geh:7    | Identified the ring of the Coward {Fly rF- rC++ rCorr
                  | Dex+6}
 47281 | Geh:7    | Identified the staff of cold "Buv Puts" {rC+ rN+ Str+4
                  | Int-4}
 47283 | Geh:7    | Identified the staff of poison "Qebiehol" {Drain rPois rC+
                  | rN+ Str+4}
 47449 | Geh:7    | Identified the +10 mace of Zevvom {drain, rF+ Str+3 Int+4}
 47592 | Geh:7    | Reached skill level 27 in Fighting
 48008 | Geh:7    | Found the +13 sceptre of Asmodeus
 48008 | Geh:7    | Noticed Asmodeus
 48115 | Geh:7    | Killed Asmodeus
 48162 | Geh:7    | Reached skill level 15 in Dodging
 48169 | Geh:7    | Got an obsidian rune of Zot
 48411 | Hell     | Found a gateway to the decaying netherworld of Tartarus.
 48422 | Tar:1    | Entered Level 1 of Tartarus
 48426 | Tar:1    | You fall into a shaft and drop 1 floor!
 48426 | Tar:2    | Found a huge runed gate.
 48426 | Tar:2    | Found a huge runed gate.
 48426 | Tar:2    | Found a huge runed gate.
 48426 | Tar:2    | Found a huge runed gate.
 48426 | Tar:2    | Found a huge runed gate.
 48426 | Tar:2    | Found a huge runed gate.
 48426 | Tar:2    | Found a huge runed gate.
 48426 | Tar:2    | Found a huge runed gate.
 48426 | Tar:2    | Found a huge runed gate.
 48426 | Tar:2    | Found a huge runed gate.
 48426 | Tar:2    | Found a huge runed gate.
 48426 | Tar:2    | Found a huge runed gate.
 48429 | Tar:2    | You fall into a shaft and drop 1 floor!
 48438 | Tar:3    | You fall into a shaft and drop 1 floor!
 48441 | Tar:4    | You fall into a shaft and drop 1 floor!
 48445 | Tar:5    | You fall into a shaft and drop 1 floor!
 48448 | Tar:6    | You fall into a shaft and drop 1 floor!
 48448 | Tar:7    | Entered Level 7 of Tartarus
 48572 | Tar:7    | Identified the +4 war axe of Eternal War {drain, rPois}
 48722 | Tar:7    | Noticed Ereshkigal
 48734 | Tar:7    | Killed Ereshkigal
 48835 | Tar:7    | Identified the staff of fire "Yvihed" {rF+ Stlth+}
 48836 | Tar:7    | Got a bone rune of Zot
 49102 | Hell     | Noticed Murray
 49116 | Hell     | Killed Murray
 49132 | Hell     | Found a gateway to the Iron City of Dis.
 49165 | Dis:1    | Entered Level 1 of the Iron City of Dis
 49165 | Dis:1    | You fall into a shaft and drop 1 floor!
 49168 | Dis:2    | You fall into a shaft and drop 1 floor!
 49206 | Dis:3    | You fall into a shaft and drop 1 floor!
 49214 | Dis:4    | You fall into a shaft and drop 2 floors!
 49217 | Dis:6    | You fall into a shaft and drop 1 floor!
 49217 | Dis:7    | Entered Level 7 of the Iron City of Dis
 49219 | Dis:7    | Identified the ring "Zanwoso" {Fly rPois Str+4}
 49258 | Dis:7    | Identified the +8 longbow of Tuves {drain, Str-4 Int+2
                  | Stlth+}
 49267 | Dis:7    | Found the +8 demon trident "Rift" {distort, reach+}
 49270 | Dis:7    | Identified the +5 ring mail "Noasen" {Will+}
 49394 | Dis:7    | Found the +8 longbow "Zephyr" {speed, Dex+3 SInv}
 49400 | Dis:7    | Identified the staff of death "Onacwaoll" {rN+ Str-3 Int+6
                  | Stlth+}
 49722 | Dis:7    | Found the +1 cloak of Starlight {*Dazzle EV+4 Stlth--}
 49754 | Dis:7    | Noticed the Serpent of Hell
 49762 | Dis:7    | Killed the Serpent of Hell
 49945 | Dis:7    | Noticed Dispater
 49979 | Dis:7    | Killed Dispater
 49995 | Dis:7    | Identified the amulet of Cyrasyo {Faith rC+ Str+3}
 49997 | Dis:7    | Got an iron rune of Zot
 50318 | Depths:1 | You fall into a shaft and drop 1 floor!
 50321 | Depths:2 | You fall into a shaft and drop 1 floor!
 50324 | Depths:3 | You fall into a shaft and drop 1 floor!
 50616 | Zot:5    | Entered Level 5 of the Realm of Zot
 50650 | Zot:4    | Noticed an orb of fire
 50662 | Zot:4    | Killed an orb of fire
 51091 | Zot:5    | Noticed an ancient lich
 51096 | Zot:5    | Killed an ancient lich
 51172 | Zot:5    | Noticed a Killer Klown
 51180 | Zot:5    | Killed a Killer Klown
 51203 | Zot:5    | Noticed an ancient lich
 51210 | Zot:5    | Killed an ancient lich
 51220 | Zot:5    | Noticed an orb of fire
 51226 | Zot:5    | Killed an orb of fire
 51307 | Zot:5    | Noticed an orb of fire
 51310 | Zot:5    | Noticed an orb of fire
 51311 | Zot:5    | Noticed a Killer Klown
 51313 | Zot:5    | Noticed a dread lich
 51315 | Zot:5    | Noticed a Killer Klown
 51321 | Zot:5    | Noticed a Killer Klown
 51327 | Zot:5    | Killed an orb of fire
 51328 | Zot:5    | Noticed a dread lich
 51330 | Zot:5    | Killed a Killer Klown
 51330 | Zot:5    | Killed a Killer Klown
 51333 | Zot:5    | Killed an orb of fire
 51334 | Zot:5    | Killed a Killer Klown
 51335 | Zot:5    | Killed a dread lich
 51338 | Zot:5    | Killed a dread lich
 51413 | Zot:5    | Got the Orb of Zot
 51421 | Zot:5    | Noticed Quedo the pandemonium lord
 51425 | Zot:5    | Killed Quedo the pandemonium lord
 51519 | Zot:3    | Noticed Casam the pandemonium lord
 51527 | Zot:3    | Killed Casam the pandemonium lord
 51557 | Zot:3    | Noticed a seraph
 51560 | Zot:3    | Identified the +5 tower shield of Anaesthesia {-Tele rElec
                  | rPois rF+++}
 51571 | Zot:3    | Killed a seraph
 51740 | Depths:2 | Noticed Ihajasta the pandemonium lord
 51751 | Depths:2 | Killed Ihajasta the pandemonium lord
 51802 | Depths:1 | Noticed Buesse the pandemonium lord
 51816 | Depths:1 | Killed Buesse the pandemonium lord
 52122 | D:2      | Noticed Oqeer the pandemonium lord
 52126 | D:2      | Noticed a seraph
 52130 | D:2      | Killed Oqeer the pandemonium lord
 52138 | D:2      | Killed a seraph
 52193 | D:$      | Escaped with the Orb!

Illustrated notes

Levels and vault maps discovered:
D:1:      amcnicky_arrival_flooded_fountain, layout_basic,
          dreamdust_ecumenical_altar_hidden_monk_grotto, serial_shops,
          nicolae_shop_mannequins, shop, shop_statue,
          nicolae_shop_tiny_waterfront, nicolae_shop_dealshenge
D:2:      layout_basic, nrook_uturn, minmay_misc_feat_square,
          grunt_decor_mini_mirrors
D:3:      layout_rooms, lightli_temple_of_fire,
          mainiacjoe_overflow_tiny_flanked, overflow_temple_1_default,
          uniq_terence
D:4:      layout_basic, mainiacjoe_overflow_paths,
          minmay_temple_entry_drinking_statues, gammafunk_ghost_grave
D:5:      layout_basic, nicolae_gozag_seed_capital, serial_shops,
          shop_fountains, bh_walls_and_bars
D:6:      cheibrodos_barr_body, layout_basic, kennysheep_little_box,
          lemuel_round_altar, serial_shops, nicolae_shop_dealshenge,
          serial_demonic, serial_demonic_e, serial_demonic_a, serial_demonic_g,
          serial_demonic_g, serial_demonic_b, serial_demonic_f
D:7:      layout_layer_cave
D:8:      layout_loops_ring, tso_altar, grunt_temple_overflow_open,
          yredelemnul_altar_generic, dpeg_oklobed_lair, special_room
          [special_room_orc], uniq_maggie
D:9:      layout_stronghold, lemuel_round_altar
D:10:     layout_long_grid, dancing_weapons_uskayaw, enter_bailey_3, uniq_lodul,
          uniq_erica, uniq_grum
D:11:     layout_loops_ring
D:12:     hangedman_cross_veins, layout_loops_ring,
          kennysheep_orc_monster_closet_entryway, cheibrodos_ashenzari_chains
D:13:     layout_loops_ring, gauntlet_entry_generic, uniq_snorg, uniq_frances
D:14:     hangedman_screamer, layout_long_grid, erik_vaults_1,
          nicolae_figureground_pulse, uniq_kirke, uniq_agnes
D:15:     gammafunk_depths_entry_grave, layout_small_grid,
          portal_ice_cave_entry_pillars_four, nicolae_hepliaklqana_hazy_memory
Temple:   nicolae_temple_godpark
Lair:1:   layout_gridlike, grunt_forest_small_clearing_treed, grunt_megastairs_3
Lair:2:   layout_cave_pods, skrybe_swamp_entry_bodies,
          guppyfry_snake_entry_island, serial_bayou_shore_a, uniq_gastronok,
          uniq_urug
Lair:3:   layout_hall_layers, nicolae_volcano_entry_s_turn, lemuel_oklob_altar
Lair:4:   layout_loops_ring, lookout_lair_type, infiniplex_staircase_pool_2,
          grunt_megastairs_5
Lair:5:   grunt_lair_end_beastmaster, layout_cave_pods,
          nicolae_slime_entry_slimehenge, minivault_24, lemuel_fruit_tree,
          uniq_rupert
Swamp:1:  layout_falls_marsh, nicolae_swamp_treefoil, uniq_jorgrun
Swamp:2:  nzn_winding_woodlands_small [nzn_winding_woodlands_5x15_split_checker,
          nzn_winding_woodlands_center_pierced_h,
          nzn_winding_woodlands_5x15_sidewinder], layout_basic_swamp,
          hangedman_swamp_ruin_hall, swamp_pool1, st_swamp_mini, uniq_louise
Swamp:3:  layout_basic_swamp, hangedman_swamp_cone, swamp_pool5,
          nicolae_swamp_round_clearing
Swamp:4:  swamp_basic_johnstein, layout_basic_swamp, swamp_pool5,
          nicolae_swamp_oxbows, uniq_mara, uniq_nikola
Snake:1:  layout_grid_maze, nicolae_shop_self_help, grunt_megastairs_2,
          serial_bayou_shore_b
Snake:2:  layout_chambers, drop_trap, nicolae_snake_gridmaze_squiggle
Snake:3:  layout_grid_shapes
Snake:4:  minmay_snake_end_coiled, layout_onion
Slime:1:  layout_caves, nicolae_slime_phagocytosis
Slime:2:  layout_caves
Slime:3:  layout_caves
Slime:4:  layout_caves
Slime:5
Orc:1:    layout_caves
Orc:2:    st_orc_ogre_mass, layout_caves, serial_shops, shop, uniq_donald
Elf:1:    nicolae_elf_arrival_no_cutting_in_line, layout_rooms, basic_altar,
          minivault_28, uniq_roxanne
Elf:2:    elven_hall_of_blades_hangedman_alternative
          [mumra_blade_entry_bloodbath], layout_gridlike, grunt_megastairs_1
Elf:3:    minmay_elf_hall_spiked, layout_geoelf_octagon
Vaults:1: nicolae_vaults_shrinking_rooms_2, nicolae_vaults_house_3,
          nicolae_vaults_trapezoid_1, v_misc_15,
          nicolae_vaults_offset_grid_hallway_4, grunt_vaults_swirl,
          nicolae_vaults_little_squares_1, nicolae_vaults_closet_pinwheel_4,
          v_misc_24, nicolae_vaults_mini_display_case,
          nicolae_vaults_variable_pillar_hall, vaults_dpeg_doors,
          ontoclasm_vaults_gateway, vaults_mumra_minichess_inversion,
          layout_vaults_omnigrid
Vaults:2: nicolae_vaults_double_plus_3, vaults_standard_mumra_lines,
          nicolae_vaults_off_center_swirl, hangedman_vaults_pinch,
          vaults_mumra_minichess, v_alt_pattern_3,
          vaults_room_grunt_arrival_checkpoint, nicolae_vaults_network_barrier,
          nicolae_vaults_double_plus_2, v_misc_11, vaults_dpeg_spiral,
          nicolae_vaults_oval_intersection, layout_vaults_omnibox, uniq_boris
Vaults:3: ontoclasm_vaults_spin, nicolae_vaults_weapon_check,
          grunt_vaults_hallway_short, minmay_crypt_entry_simple_box,
          nicolae_vaults_security_offices_3, nicolae_vaults_storage_room_doors,
          vaults_mumra_lcd, grunt_vaults_hallway_long,
          nicolae_vaults_closet_pinwheel_4, nicolae_vaults_trapezoid_lopsided_3,
          layout_vaults_omnicross, serial_shops, shop
Vaults:4: ontoclasm_vaults_shuriken, nicolae_vaults_statue_guard,
          nicolae_vaults_little_ls, v_misc_10, nicolae_vaults_ring_of_whatevers,
          nicolae_vaults_puzzle_piece, nicolae_vaults_tetromino_Z_1,
          vaults_room_corners, nicolae_vaults_offset_grid_hallway_1,
          nicolae_vaults_tetromino_T_2, nicolae_vaults_ninety_degrees,
          vaults_room_pool, ontoclasm_vaults_fault, layout_vaults_ring,
          serial_shops, shop
Vaults:5: serial_shops
Crypt:1:  layout_catacombs
Crypt:2:  cheibrodos_crypt_down_in_the_bonehoard, layout_chaotic_city
Crypt:3:  due_elkab, layout_chaotic_city, uniq_sojobo, uniq_bai_suzhen,
          uniq_josephina
Tomb:1:   uniq_khufu
Tomb:2
Tomb:3
Depths:1: evilmike_negative_zone, layout_long_grid, special_room
          [special_room_mythical_zoo], pan_entry, hell_entry,
          kennysheep_crisscross, hangedman_aerie_drop
Depths:2: minmay_roctagon, layout_gridlike, hell_entry,
          marbit_kobold_abyss_entry, rand_demon_pan_entry_5,
          nicolae_qazlal_scattered_showers, nicolae_ru_awakened_eye
Depths:3: minmay_heptahexagon, layout_honeycomb, enter_ziggurat_a,
          trove_entry_hex_spiral, hangedman_coc_ice_floe, abyss_entry_crystal,
          minmay_staircase_bubble, uniq_frederick
Depths:4: grunt_zot_entry_gee_three, layout_gridlike, abyss_entry,
          pf_dread_powers_of_hell, lemuel_statue_altar, uniq_parghit,
          uniq_saint_roka
Hell
Dis:1:    layout_jigsaw
Dis:2:    layout_regular_city, nicolae_dis_metal_dragon_surprise
Dis:3:    layout_jigsaw, nicolae_dis_having_a_grate_time
Dis:4:    layout_subdivisions, nicolae_dis_grated_feature
Dis:6:    layout_gridville, nicolae_dis_liches_on_tour
Dis:7:    iron_city_of_dis [dis_old, dis_wall_4], layout_gridville
Geh:1:    layout_gehenna_pools_box
Geh:2:    layout_gehenna_pools_box
Geh:4:    layout_gehenna_lava_caves
Geh:6:    layout_gehenna_pools_box
Geh:7:    evilmike_geh
Coc:1:    layout_cocytus_delve
Coc:2:    layout_cocytus_water_paths
Coc:4:    layout_ice_bergs
Coc:5:    layout_cocytus_delve
Coc:6:    layout_cocytus_water_paths
Coc:7:    coc_grunt
Tar:1:    layout_cathedral_of_symmetry, nicolae_tar_honey_rotating
Tar:2:    layout_cathedral_of_symmetry, door_vault
Tar:3:    layout_grid_maze
Tar:4:    layout_grid_maze
Tar:5:    layout_honeycomb
Tar:6:    nicolae_tar_intersect_combbox, layout_cathedral_of_symmetry
Tar:7:    tar_minmay_river
Zot:1:    layout_concentric_octagons, st_large_dragon_hoard_1
Zot:2:    layout_onion_interference
Zot:3:    layout_cathedral_of_symmetry, nrook_zot_tub
Zot:4:    layout_gridlike, grunt_ministairs_9, hangedman_snake_sidewinding,
          uniq_grunn
Zot:5:    layout_cathedral_of_symmetry

Skill      XL: |  1  2  3  4  5  6  7  8  9 10 11 12 13 14 15 16 17 18 19 20 21 22 23 24 25 26 27 |
---------------+----------------------------------------------------------------------------------+-----
Dodging        | 2 19 | 19.3
Stealth        | 3 |  3.0
Spellcasting   | 3 4 5 7 8 10 11 12 14 16 17 18 19 20 21 27 | 27.0
Fighting       | 2 3 5 6 8 10 11 12 13 14 15 16 27 | 27.0
Necromancy     | 5 6 8 11 12 14 17 18 20 | 20.0
Armour         | 4 8 24 | 24.0
Long Blades    | 2 8 12 14 15 16 18 19 20 24 | 24.0
Shields        | 4 5 10 14 18 | 18.0
Invocations    | 8 10 12 20 | 20.0
Translocations | 3 4 |  4.0
Fire Magic     | 10 13 17 18 | 18.0
Ice Magic      | 2 4 |  4.0
Transmutations | 11 14 | 14.0
Earth Magic    | 8 |  8.0

Action                     |  1- 3 |  4- 6 |  7- 9 | 10-12 | 13-15 | 16-18 | 19-21 | 22-24 | 25-27 || total
---------------------------+-------+-------+-------+-------+-------+-------+-------+-------+-------++-------
  Melee: Hand axe          |     8 |     1 |       |       |       |       |       |       |       ||     9
         Dagger            |       |    20 |     3 |   176 |       |       |       |       |       ||   199
         Trident           |       |    13 |   128 |    29 |       |       |       |       |       ||   170
         Punch             |       |       |     1 |     3 |       |       |       |       |       ||     4
         Scimitar          |       |       |       |   184 |   612 |    69 |    28 |       |       ||   893
         Great sword       |       |       |       |       |    54 |   566 |   573 |   211 |   606 ||  2010
         Triple sword      |       |       |       |       |       |       |       |   310 |  3425 ||  3735
         Eudemon blade     |       |       |       |       |       |       |       |       |    28 ||    28
         Flamberge         |       |       |       |       |       |       |       |       |    19 ||    19
         Staff             |       |       |       |       |       |       |       |       |     3 ||     3
  Throw: Dart              |       |       |       |     1 |     1 |       |       |       |     1 ||     3
   Cast: Necrotise         |    33 |    64 |    58 |    29 |     3 |     4 |       |       |       ||   191
         Vampiric Draining |       |     3 |    24 |    36 |    13 |       |     6 |       |       ||    82
         Animate Dead      |       |       |     9 |    13 |     8 |    19 |     9 |       |       ||    58
         Agony             |       |       |     2 |    12 |    15 |     2 |       |       |       ||    31
         Dispel Undead     |       |       |       |       |    36 |     2 |    13 |    11 |    25 ||    87
         Death Channel     |       |       |       |       |     3 |    41 |    30 |    24 |     5 ||   103
         Apportation       |       |       |       |       |       |   121 |    96 |    41 |   391 ||   649
         Lesser Beckoning  |       |       |       |       |       |    66 |   110 |   131 |   539 ||   846
         Infestation       |       |       |       |       |       |     2 |    20 |    15 |    20 ||    57
         Ozocubu's Armour  |       |       |       |       |       |       |     1 |     2 |     6 ||     9
         Frozen Ramparts   |       |       |       |       |       |       |     1 |     2 |     2 ||     5
         Simulacrum        |       |       |       |       |       |       |       |     1 |     5 ||     6
         Ignition          |       |       |       |       |       |       |       |    18 |    95 ||   113
         Necromutation     |       |       |       |       |       |       |       |       |   252 ||   252
         Borgnjor's Vile C |       |       |       |       |       |       |       |       |   135 ||   135
 Invoke: Step From Time    |       |       |       |       |       |       |       |     2 |     6 ||     8
         Slouch            |       |       |       |       |       |       |       |       |     4 ||     4
Ability: Dig               |     3 |       |     1 |     3 |    12 |     4 |     1 |     2 |     9 ||    35
         Shaft Self        |     2 |     2 |     3 |     9 |     8 |     3 |     6 |     5 |    32 ||    70
         End Transformatio |       |       |       |       |       |       |       |       |    11 ||    11
  Evoke: Wand              |       |       |       |     5 |     1 |       |       |       |    11 ||    17
         Box of beasts     |       |       |       |       |     1 |       |       |       |       ||     1
         Phantom mirror    |       |       |       |       |       |       |     1 |       |     2 ||     3
    Use: Scroll            |     3 |     4 |     1 |     3 |     3 |     9 |     2 |    13 |    44 ||    82
         Potion            |       |       |     1 |     4 |    16 |     2 |     3 |     8 |    25 ||    59
   Stab: Sleeping          |     2 |       |     3 |     2 |    11 |     7 |     6 |     1 |     6 ||    38
         Distracted        |       |       |       |     6 |     7 |    26 |    26 |    11 |    40 ||   116
         Petrified         |       |       |       |       |       |     1 |       |       |     7 ||     8
         Invisible         |       |       |       |       |       |       |       |     2 |    21 ||    23
         Paralysed         |       |       |       |       |       |       |       |       |     1 ||     1
 Armour: Robe              |       |    17 |    47 |       |       |       |       |       |       ||    64
         Leather armour    |       |       |    18 |    17 |       |       |       |       |       ||    35
         Steam dragon scal |       |       |       |   118 |       |       |       |       |       ||   118
         Acid dragon scale |       |       |       |    20 |   188 |   146 |       |       |       ||   354
         Scale mail        |       |       |       |       |       |    12 |   200 |   113 |   241 ||   566
         Chain mail        |       |       |       |       |       |       |       |    12 |    90 ||   102
         Pearl dragon scal |       |       |       |       |       |       |       |       |   962 ||   962
  Dodge: Dodged            |     6 |    22 |   155 |   309 |   217 |   208 |   209 |   172 |  2521 ||  3819
  Block: Other             |     7 |     1 |       |       |       |       |       |       |       ||     8
         Buckler           |       |       |       |   112 |    80 |       |       |       |       ||   192
         Kite shield       |       |       |       |       |   498 |   662 |   558 |   419 |  4017 ||  6154
